 Dungeon Crawl Stone Soup version 0.32-a0-571-gec57dfcd37 (webtiles) character file.

Game seed: 4075331578420167340

9573952 Rudyous the Conqueror (level 27, 273/273 HPs)
             Began as a Green Draconian Conjurer on Feb 27, 2024.
             Was the Champion of Vehumet.
             Escaped with the Orb
             ... and 15 runes on Mar 1, 2024!
             The game lasted 11:13:29 (179069 turns).

Rudyous the Conqueror (Green Draconian Conjurer)  Turns: 179069, Time: 11:13:30

Health: 273/273    AC: 19    Str: 13    XL:     27
Magic:  91/91      EV: 29    Int: 44    God:    Vehumet [******]
Gold:   11387      SH:  0    Dex: 12    Spells: 12/80 levels left

rFire   + . .        y - staff of the King {rElec MP+9 Int+6 Air}
rCold   + . .        I - sphere of Battle
rNeg    + + +        (body armour unavailable)
rPois   ∞            J - +3 hat of Pondering {ponderous, Will+ MP+10 Int+5}
rElec   +            F - scarf {repulsion}
rCorr   .            P - +1 pair of gloves "Tanguhun" {rC- rN++ MP+9}
SInv    +            T - +0 pair of boots of the Sky {rElec rC+}
Will    +++++        o - amulet of Vitality {Regen++ RegenMP++}
Stlth   +            C - ring "Fohurila" {rN+ EV+5 Int+5 Dex-5}
HPRegen 2.25/turn    Q - ring "Ryawk" {rF+ MP+9 Dex+6 SInv}
MPRegen 1.32/turn

%: repel missiles
@: death-form, studying 5 skills, slow
A: vile attack, torment immunity, no potions, (noxious breath), AC +13,
unfitting armour, stinger 1, poison resistance, cold-blooded, antennae 1, hooves
1, strong-willed 2, sense surroundings 1
0: Orb of Zot
}: 15/15 runes: decaying, serpentine, slimy, silver, golden, iron, obsidian,
icy, bone, abyssal, demonic, glowing, magical, fiery, dark
a: Siphon Essence, Begin Untransformation, Renounce Religion


You escaped.
You worshipped Vehumet.
Vehumet was exalted by your worship.
You were an undying horror.
You visited 18 branches of the dungeon, and saw 87 of its levels.
You visited Pandemonium 3 times, and saw 19 of its levels.
You visited the Abyss 3 times.
You visited 2 ziggurats, and saw 33 of their levels (deepest: 22).
You also visited: Trove, Sewer and Ossuary.

You collected 18659 gold pieces.
You spent 7272 gold pieces at shops.

Inventory:

Hand Weapons
 n - the +1 great sword of Experimentation {venom, rF+ rC+ rN+ Will+}
   (You found it on level 6 of a ziggurat)

   rF+:       It protects you from fire.
   rC+:       It protects you from cold.
   rN+:       It protects you from negative energy.
   Will+:     It increases your willpower.
 s - the +13 sceptre of Asmodeus
   (You took it off Asmodeus on level 7 of Gehenna)

   Fire Summon: It may summon demons of flame and damnation when striking foes.
 A - the +1 morningstar of Aneneich {speed, Fly rElec rF++ Str-2}
   (You took it off a deep elf annihilator on level 5 of the Vaults)

   Str-2:     It affects your strength (-2).
   rF++:      It greatly protects you from fire.
   rElec:     It insulates you from electricity.
   Fly:       It grants you flight.
 V - the +6 hand axe of Expedience {spect, *Slow rF+++ rN+ Dex-5}
   (You bought it in a shop on level 3 of the Snake Pit)

   Dex-5:     It affects your dexterity (-5).
   rF+++:     It renders you almost immune to fire.
   rN+:       It protects you from negative energy.
   *Slow:     It may slow you when you take damage.
Missiles
 a - 3 silver javelins (quivered)
 G - 16 javelins
Armour
 b - an orb of energy
 F - a scarf of repulsion (worn)
 I - the sphere of Battle (worn)
   (You found it on level 11 of a ziggurat)

   Battle:    It summons a battlesphere in combat, with strength depending on
   Conjurations skill.
   Destructive: It enhances your destructive magic, and weakens non-destructive
   magic.
 J - the +3 hat of Pondering (worn) {ponderous, Will+ MP+10 Int+5}
   (You found it on level 9 of a ziggurat)

   Int+5:     It affects your intelligence (+5).
   Will+:     It increases your willpower.
   MP+10:     It affects your magic capacity (+10).
 M - the +3 kite shield of Verdant Brilliance {Rampage Will- Str-4 Int+7}
   (You found it in a treasure trove)

   Str-4:     It affects your strength (-4).
   Int+7:     It affects your intelligence (+7).
   Will-:     It decreases your willpower.
   Rampage:   It bestows one free step when moving towards enemies.
 P - the +1 pair of gloves "Tanguhun" (worn) {rC- rN++ MP+9}
   (You found it in a treasure trove)

   rC-:       It makes you vulnerable to cold.
   rN++:      It greatly protects you from negative energy.
   MP+9:      It affects your magic capacity (+9).
 T - the +0 pair of boots of the Sky (worn) {rElec rC+}
   (You found it on level 15 of the Dungeon)

   rC+:       It protects you from cold.
   rElec:     It insulates you from electricity.
 W - the +3 warlock's mirror {omnireflect}
   (You found it on level 2 of the Depths)

   Omnireflect: It can block and reflect piercing ranged attacks and magical
   attacks against the wielder's willpower.
Magical Staves
 r - the staff of Utaporch {rF+ rC+ Str+3 Dex+3 Ice}
   (You found it on level 5 of the Vaults)

   [staff of cold]

   Base accuracy: +5 Base damage: 5 Base attack delay: 1.2 This weapon's minimum
   attack delay (0.6) is reached at skill level 12.
   Str+3:     It affects your strength (+3).
   Dex+3:     It affects your dexterity (+3).
   rF+:       It protects you from fire.
   rC+:       It protects you from cold.
   Ice:       It increases the power of your Ice spells.
   It falls into the 'Staves' category.
   It is a one-handed weapon.
 y - the staff of the King (weapon) {rElec MP+9 Int+6 Air}
   (You found it on level 7 of Gehenna)

   [staff of air]

   Base accuracy: +5 Base damage: 5 Base attack delay: 1.2 This weapon's minimum
   attack delay (0.6) is reached at skill level 12.
   Int+6:     It affects your intelligence (+6).
   rElec:     It insulates you from electricity.
   MP+9:      It affects your magic capacity (+9).
   Air:       It increases the power of your Air spells.
   It falls into the 'Staves' category.
   It is a one-handed weapon.
Jewellery
 o - the amulet of Vitality (around neck) {Regen++ RegenMP++}
   (You found it on level 3 of the Tomb of the Ancients)

   [amulet of nothing]

   Regen++:   It increases your rate of health regeneration.
   RegenMP++: It increases your rate of magic regeneration.
 q - the amulet of the Feeding Gods {Reflect Int+3 SH+5}
   (You took it off a purple draconian on level 3 of the Realm of Zot)

   [amulet of reflection]

   Reflect:   It reflects blocked missile attacks.
   Int+3:     It affects your intelligence (+3).
   SH+5:      It affects your SH (+5).
 x - a +6 ring of intelligence
 C - the ring "Fohurila" (left hand) {rN+ EV+5 Int+5 Dex-5}
   (You took it off a deep elf annihilator on level 5 of the Vaults)

   [ring of evasion]

   EV+5:      It affects your evasion (+5).
   Int+5:     It affects your intelligence (+5).
   Dex-5:     It affects your dexterity (-5).
   rN+:       It protects you from negative energy.
 E - the amulet "Zuxeled" {Reflect rC+ Int+4 Slay-3 SH+5 Stlth+}
   (You found it on level 5 of the Pits of Slime)

   [amulet of reflection]

   Reflect:   It reflects blocked missile attacks.
   Int+4:     It affects your intelligence (+4).
   Slay-3:    It affects your accuracy & damage with ranged weapons and melee
   (-3).
   rC+:       It protects you from cold.
   SH+5:      It affects your SH (+5).
   Stlth+:    It makes you more stealthy.
 Q - the ring "Ryawk" (right hand) {rF+ MP+9 Dex+6 SInv}
   (You bought it in a shop on level 2 of the Orcish Mines)

   [ring of dexterity]

   Dex+6:     It affects your dexterity (+6).
   rF+:       It protects you from fire.
   MP+9:      It affects your magic capacity (+9).
   SInv:      It lets you see invisible.
 S - the ring "Qapyosoh" {rElec MP+9 Int+4}
   (You found it on level 19 of a ziggurat)

   [ring of magical power]

   Int+4:     It affects your intelligence (+4).
   rElec:     It insulates you from electricity.
   MP+9:      It affects your magic capacity (+9).
 Y - the dreamshard necklace {Acrobat *Dream}
   (You found it on level 22 of a ziggurat)

   [amulet of the acrobat]

   *Dream:    It absorbs a single lethal wound into itself, holding its wearer
   just short of death and releasing dream-creatures to guard them.
   Acrobat:   It increases your evasion while moving and waiting.
 Z - a +6 ring of intelligence
Talismans
 u - a talisman of death (active)
Wands
 e - a wand of digging (34)
 i - a wand of quicksilver (24)
 X - a wand of warping (83)
Scrolls
 c - a scroll of butterflies
 g - 15 scrolls of fear
 h - 14 scrolls of poison
 j - 14 scrolls of fog
 k - 13 scrolls of blinking
 t - 20 scrolls of immolation
 w - 16 scrolls of teleportation
 K - 2 scrolls of revelation
 L - 13 scrolls of amnesia
 O - 10 scrolls of noise
Potions
 d - 4 potions of heal wounds
 f - 7 potions of resistance
 l - 3 potions of ambrosia
 m - 13 potions of attraction
 p - 29 potions of curing
 v - 11 potions of cancellation
 z - 6 potions of magic
 B - 5 potions of haste
 D - 11 potions of brilliance
 H - 4 potions of invisibility
 U - 4 potions of mutation
Miscellaneous
 N - a phantom mirror
 R - a condenser vane


   Skills:
 O Level 27 Fighting
 - Level 19.5 Throwing
 O Level 27 Dodging
 - Level 1.7 Stealth
 - Level 10.0 Shields
 O Level 27 Spellcasting
 - Level 21.0 Conjurations
 - Level 12.0 Necromancy
 - Level 22.0 Fire Magic
 - Level 22.0 Ice Magic
 - Level 22.0 Air Magic
 - Level 22.0 Earth Magic
 - Level 8.0 Alchemy
 + Level 20.2 Evocations
 - Level 23.0 Shapeshifting


You had 12 spell levels left.
You knew the following spells:

 Your Spells              Type           Power      Damage    Failure   Level
a - Maxwell's Capacitive  Air            90%        ∞         1%          8
b - Shatter               Erth           77%        3d56*     1%          9
c - Fire Storm            Conj/Fire      77%        8d19      1%          9
d - Chain Lightning       Conj/Air       90%        3d120     1%          9
e - Lehudib's Crystal Sp  Conj/Erth      77%        10d17     1%          8
f - Ignition              Fire           77%        3d20      1%          8
g - Polar Vortex          Ice            77%        12d10*    1%          9
h - Sublimation of Blood  Necr           70%        N/A       0%          2
i - Irradiate             Conj/Alch      68%        3d34      0%          5
l - Apportation           Tloc           58%        N/A       1%          1

Your spell library contained the following spells:

 Spells                   Type           Power      Damage    Failure   Level
 Foxfire                  Conj/Fire      100%       2x1d9     0%          1
 Freeze                   Ice            100%       1d10      0%          1
 Magic Dart               Conj           100%       1d8       0%          1
 Necrotise                Necr           100%       1d9       0%          1
 Sandblast                Erth           100%       2d20      0%          1
 Shock                    Conj/Air       100%       1d9       0%          1
 Sting                    Conj/Alch      100%       1d9       0%          1
 Cigotuvi's Dreadful Rot  Necr/Alch/Air  100%       N/A       0%          2
 Ensorcelled Hibernation  Hex/Ice        100%       N/A       0%          2
 Mercury Vapours          Alch/Air       100%       N/A       0%          2
 Momentum Strike          Conj/Tloc      100%       3d10      0%          2
 Scorch                   Fire           100%       2d9       0%          2
 Searing Ray              Conj           100%       2d8       0%          2
 Dazzling Flash           Conj/Hex       100%       N/A       0%          3
 Frozen Ramparts          Ice            100%       1d16      0%          3
 Fugue of the Fallen      Necr           70%        N/A       0%          3
 Hailstorm                Conj/Ice       100%       3d16      0%          3
 Inner Flame              Hex/Fire       100%       N/A       0%          3
 Mephitic Cloud           Conj/Alch/Air  100%       N/A       0%          3
 Ozocubu's Armour         Ice            90%        N/A       0%          3
 Passwall                 Erth           91%        N/A       0%          3
 Stone Arrow              Conj/Erth      100%       3d13      0%          3
 Summon Ice Beast         Ice/Summ       67%        N/A       0%          3
 Swiftness                Air            100%       N/A       0%          3
 Vampiric Draining        Necr           70%        2d11      0%          3
 Volatile Blastmotes      Fire/Tloc      100%       2d18      0%          3
 Airstrike                Air            90%        2d(13-29) 0%          4
 Animate Dead             Necr           70%        N/A       0%          4
 Brom's Barrelling Bould  Conj/Erth      100%       2d11      0%          4
 Dispel Undead            Necr           70%        3d24      0%          4
 Fulminant Prism          Conj/Alch      68%        3d28      0%          4
 Ignite Poison            Fire/Alch      100%       N/A       0%          4
 Leda's Liquefaction      Alch/Erth      38%        N/A       0%          4
 Petrify                  Alch/Erth      77%        N/A       0%          4
 Sticky Flame             Fire/Alch      100%       2d15      0%          4
 Arcjolt                  Conj/Air       90%        1d100     0%          5
 Borgnjor's Vile Clutch   Necr/Erth      40%        N/A       0%          5
 Fireball                 Conj/Fire      77%        3d29      0%          5
 Freezing Cloud           Conj/Ice/Air   90%        6-21      0%          5
 Iskenderun's Battlesphe  Conj           100%       2d15      0%          5
 Lee's Rapid Deconstruct  Erth           77%        3d35*     0%          5
 Bombard                  Conj/Erth      77%        9d12      0%          6
 Conjure Ball Lightning   Conj/Air       90%        3x3d35    0%          6
 Plasma Beam              Fire/Air       90%        2x1d109   0%          6
 Starburst                Conj/Fire      77%        6d20      0%          6
 Ozocubu's Refrigeration  Ice            77%        4d24      0%          7
 Summon Small Mammal      Summ           100%       N/A       1%          1
 Blink                    Tloc           58%        N/A       1%          2
 Call Imp                 Summ           58%        N/A       1%          2
 Jinxbite                 Hex            58%        N/A       1%          2
 Lesser Beckoning         Tloc           58%        N/A       1%          2
 Call Canine Familiar     Summ           29%        N/A       1%          3
 Confusing Touch          Hex            29%        N/A       1%          3
 Gell's Gravitas          Tloc           29%        N/A       1%          3
 Sigil of Binding         Hex            29%        N/A       1%          3
 Teleport Other           Tloc           29%        N/A       1%          3
 Tukima's Dance           Hex            29%        N/A       1%          3
 Anguish                  Hex/Necr       27%        N/A       1%          4
 Iskenderun's Mystic Bla  Conj/Tloc      100%       2d19      1%          4
 Martyr's Knell           Necr/Summ      54%        N/A       1%          4
 Olgreb's Toxic Radiance  Alch           100%       N/A       1%          4
 Summon Blazeheart Golem  Fire/Summ      67%        N/A       1%          4
 Summon Lightning Spire   Summ/Air       100%       N/A       1%          4
 Vhi's Electric Charge    Tloc/Air       100%       N/A       1%          4
 Alistair's Intoxication  Alch           40%        N/A       1%          5
 Curse of Agony           Necr           70%        N/A       1%          5
 Metabolic Englaciation   Hex/Ice        33%        N/A       1%          5
 Silence                  Hex/Air        51%        N/A       1%          5
 Yara's Violent Unravell  Hex/Alch       48%        3d19      1%          5
 Death Channel            Necr           35%        N/A       1%          6
 Eringya's Noxious Bog    Alch           57%        4d6       1%          6
 Sculpt Simulacrum        Ice/Alch       38%        N/A       1%          6
 Orb of Destruction       Conj           76%        9d17      1%          7
 Spellforged Servitor     Conj/Summ      61%        N/A       1%          7
 Cause Fear               Hex            14%        N/A       2%          4
 Dimensional Bullseye     Hex/Tloc       14%        N/A       2%          4
 Manifold Assault         Tloc           29%        N/A       2%          4
 Passage of Golubria      Tloc           29%        N/A       2%          4
 Summon Forest            Summ/Tloc      14%        N/A       6%          5
 Summon Mana Viper        Hex/Summ       29%        N/A       6%          5
 Borgnjor's Revivificati  Necr           35%        N/A       11%         8
 Infestation              Necr           35%        N/A       11%         8
 Haunt                    Necr/Summ      27%        N/A       17%         7
 Dispersal                Tloc           14%        N/A       34%         6
 Summon Cactus Giant      Summ           14%        N/A       34%         6
 Death's Door             Necr           35%        N/A       86%         9
 Enfeeble                 Hex            14%        N/A       89%         7
 Malign Gateway           Summ/Tloc      14%        N/A       89%         7
 Monstrous Menagerie      Summ           14%        N/A       89%         7
 Summon Hydra             Summ           14%        N/A       89%         7
 Discord                  Hex            14%        N/A       100%        8
 Disjunction              Tloc           14%        N/A       100%        8
 Summon Horrible Things   Summ           14%        N/A       100%        8
 Dragon's Call            Summ           14%        N/A       100%        9
 Animate Armour           Summ/Erth      Unusable   N/A       N/A         4

Dungeon Overview and Level Annotations

Branches:
Dungeon (15/15)            Temple (1/1) D:6            Lair (5/5) D:9
  Swamp (4/4) Lair:3        Snake (4/4) Lair:2        Slime (5/5) Lair:5
    Orc (2/2) D:10            Elf (3/3) Orc:2        Vaults (5/5) D:13
  Crypt (3/3) Vaults:3       Tomb (3/3) Crypt:3      Depths (4/4) D:15
   Hell (visited)             Dis (7/7) Hell            Geh (7/7) Hell
    Coc (7/7) Hell            Tar (7/7) Hell            Zot (5/5) Depths:4
  Sewer (visited)         Ossuary (visited)

Altars:
Ashenzari
Cheibriados
Dithmenos
Elyvilon
Fedhas
Gozag
Hepliaklqana
Kikubaaqudgha
Makhleb
Nemelex Xobeh
Okawaru
Qazlal
Ru
Sif Muna
Trog
Uskayaw
Vehumet
Wu Jian
Xom
Yredelemnul
Zin
The Shining One
Jiyva
Lugonu

Shops:
D:9 =   D:10 [:*=   Orc:2 =:**   Snake:3 [*([   Snake:4 ?=:   Depths:1 *
Depths:3 :

Portals:
Hell: Depths:1 Depths:2 Depths:3 Depths:4
Abyss: Lair:5 Depths:1 Depths:2 Depths:3 Depths:4
Pandemonium: Depths:2

Annotations:
D:6 1 runed translucent door, Crazy Yiuf
Lair:4 1 runed translucent door, nojaa's ghost, journeyman KoEn
Slime:4 check all stairs
Depths:3 1 exclusion, Mennas
Tar:7 Ereshkigal


Innate Abilities, Weirdness & Mutations

You are an undying horror.
Your melee and unarmed attacks drain, slow and weaken victims.
You are immune to unholy pain and torment.
You cannot drink.
((You can breathe blasts of noxious fumes.))
Your lurid green scales are hard. (AC +13)
You cannot fit into any form of body armour.
Your tail ends in a venomous barb.
Your system is resistant to poisons. (rPois)
You are cold-blooded and may be slowed by cold attacks.
You have a pair of small antennae on your head.
You have large cloven feet.
You are highly strong-willed. (Will++)
You passively map a small area around you.


Message History

Health restored: 273 You regained 5 mp, and now have 86/91 mp.
Casting: Lehudib's Crystal Spear (mildly dangerous; 1% risk of failure)
Confirm with . or Enter, or press ? or * to list all spells.
Aiming: Lehudib's Crystal Spear (mildly dangerous; 1% risk of failure)
Press: ? - help, Shift-Dir - straight line, f - rakshasa
Aim: a rakshasa, wielding a +0 whip and wearing a +0 robe (78% to hit)
You feel a surge of power!
The crystal spear hits the rakshasa!!!!
You kill the rakshasa!
Vehumet accepts your kill.
You feel your power returning.
You now have 81/91 mp.
An endoplasm comes into view.
Casting: Lehudib's Crystal Spear (mildly dangerous; 1% risk of failure)
Confirm with . or Enter, or press ? or * to list all spells.
Aiming: Lehudib's Crystal Spear (mildly dangerous; 1% risk of failure)
Press: ? - help, Shift-Dir - straight line, f - endoplasm
Aim: an endoplasm (99% to hit)
You feel a surge of power!
The crystal spear hits the endoplasm!!!!
You kill the endoplasm!
Vehumet accepts your kill.
You feel your power returning.
You now have 77/91 mp.
There is an open door here.
You see here a quokka skeleton.
There is a stone staircase leading up here.
You regained 11 mp, and now have 88/91 mp.
You start resting.
Magic restored.
MP restored: 91 You climb upwards.
There is a stone staircase leading down here.
Unknown command.
Things that are here:
a +0 leather armour; a +0 club; a goblin skeleton You see here a hobgoblin skeleton.
There is an open door here.
There is a staircase leading out of the dungeon here.
You have escaped!

......##...#######.#.#...###...(.
##...####.#####* #.#.##.## #....~
#.....# #...#.# #.#.##.####.....
#.....# #.#...# #..#......######
#.....###.#..♣# #...####### #
##...###..#.♣♣* ###.# #
##.####.##.###### #.# # # #.#
#.....#....# #.# #
###.###..##.#.ß.z# #.# #
.........##.'.ß..# #.#
###.###..##.#....# #.# # #.#
#..#..########.# # #.###......♣ *
#..# # #.......##.♣* ####
#######..###.♣ .........# #.♣#
#######..# ##.#


There were no monsters in sight!

Vanquished Creatures
  Cerebov (Pan)
  Antaeus (Coc:7)
  Asmodeus (Geh:7)
  Ignacio (Pan)
  the Royal Jelly (Slime:5)
  Dissolution (Slime:3)
  Gloorx Vloq (Pan)
  Mnoleg (Pan)
  the Serpent of Hell (Coc:7)
  Lom Lobon (Pan)
  6 dread liches
  3 orbs of fire (Zot:5)
  11 ancient liches
  3 juggernauts (Dis:7)
  Xtahua (Depths:3)
  24 royal mummies
  6 Killer Klowns
  Boris (thrice) (Depths:3 Tomb:2 Depths:1)
  19 shard shrikes
  4 curse toes
  Geryon (Hell)
  22 caustic shrikes
  6 profane servitors
  Jory (Vaults:2)
  Norris (Vaults:2)
  20 golden dragons
  16 doom hounds
  34 bone dragons
  31 Tzitzimimeh
  2 electric golems (Zot:5)
  19 Brimstone Fiends
  A shard shrike zombie (Crypt:1)
  14 hellephants
  24 Ice Fiends
  6 iron giants
  12 tainted leviathans
  23 tentacled monstrosities
  Mlioglotl (Lair:3)
  29 Orb Guardians
  15 liches
  Jorgrun (D:14)
  42 searing wretches
  15 quicksilver dragons
  Rupert (Orc:2)
  37 Hell Sentinels
  15 titans
  3 deep elf master archers
  4 walking frostbound tomes
  3 deep elf blademasters
  14 pandemonium lords
  Agnes (Snake:1)
  14 tentacled starspawn
  45 Executioners
  39 ancient champions
  10 sphinxes
  5 death cobs
  Kirke (Lair:5)
  27 acid blobs
  Gastronok (D:10)
  2 thorn hunters
  17 storm dragons
  14 protean progenitors
  9 shadow dragons
  11 nagarajas
  Roxanne (Swamp:1)
  7 revenants
  Donald (Swamp:2)
  21 draconian shifters
  9 demonspawn warmongers (Pan)
  11 fenstrider witches
  9 tengu reavers
  18 rockslimes
  10 daevas
  27 narguns
  11 draconian monks
  32 azure jellies
  20 fire giants
  14 draconian knights
  14 frost giants
  9 draconian scorchers
  20 quicksilver elementals
  18 vault wardens
  6 iron dragons
  7 deep elf sorcerers
  8 ghost moths
  3 spectral caustic shrikes
  2 deep elf elementalists (Elf:3)
  4 spectral juggernauts
  6 curse skulls
  8 ghouls
  68 balrugs
  9 shard shrike simulacra
  24 ironbound preservers
  70 reapers
  15 angels
  8 formless jellyfish
  4 orc warlords
  5 draconian stormcallers
  11 caustic shrike skeletons (Pan)
  24 demonspawn corrupters
  64 cacodemons
  14 draconian annihilators
  4 ophanim (Pan)
  16 quicksilver oozes
  26 very ugly things
  2 broodmothers (Zot:3)
  8 ironbound thunderhulks
  14 demonspawn blood saints
  15 putrid mouths
  10 juggernaut skeletons (Pan)
  8 apis (Pan)
  11 deep elf death magi
  17 stone giants
  7 vampire knights
  16 yellow draconians
  8 deep elf demonologists
  14 bennus (Tomb:3)
  9 white draconians
  A spectral titan (Zig:12)
  15 demonspawn black suns
  29 elemental wellsprings
  12 green draconians
  9 eleionomae
  A spark wasp (Zot:3)
  8 deep elf annihilators
  10 black draconians
  36 lorocyprocas
  31 purple draconians
  43 war gargoyles
  17 wendigos
  7 dire elephants
  11 bunyips
  12 red draconians
  19 iron golems
  26 mummy priests
  12 ettins
  2 entropy weavers (Vaults:5)
  2 merfolk javelineers (Zig:7)
  30 green deaths
  41 blizzard demons
  5 shambling mangroves
  9 jiangshi
  17 eidola
  8 deep elf high priests
  3 spriggan zombies
  19 yaktaur captains
  14 great orbs of eyes
  11 fire dragons
  7 crystal guardians
  3 peacekeepers
  33 vault guards
  2 entropy weavers (shapeshifter) (Lair:5)
  5 salamander tyrants
  13 alligators
  A spectral tengu (Zig:12)
  17 centaur warriors
  5 ghost crabs
  21 hydras
  13 rakshasas
  5 spriggan air magi
  11 hell beasts
  16 caustic shrike simulacra
  3 ogre magi
  3 spriggan skeletons
  9 ice dragons
  4 juggernaut simulacra
  A catoblepas (Lair:3)
  2 radroaches (Zot:3)
  A spectral spriggan (Tar:4)
  4 merfolk aquamancers
  10 anacondas
  2 death knights
  9 ironbound frosthearts
  Erica (D:8)
  35 dancing weapons
  4 jorogumos
  6 two-headed ogres
  7 boulder beetles
  An anaconda (shapeshifter) (Vaults:5)
  12 stokers
  A two-headed ogre (shapeshifter) (D:15)
  13 tengu warriors
  An occultist (Depths:2)
  11 deep troll earth magi
  An Orb Guardian skeleton (Crypt:3)
  9 deep troll shamans
  4 orc high priests
  39 death scarabs
  18 naga warriors
  70 demonic crawlers
  8 vampire magi
  28 hell hogs
  18 naga sharpshooters
  8 shock serpents
  11 thrashing horrors
  23 deep elf knights
  2 spriggan berserkers
  3 spectral dire elephants
  197 sun demons
  24 hell knights
  Sonja (D:12)
  27 crystal echidnas
  A salamander mystic (Snake:4)
  38 skeletal warriors
  12 wretched stars
  86 soul eaters
  6 hellephant skeletons (Pan)
  5 skysharks
  3 spectral anacondas
  A death drake (Abyss:5)
  74 sixfirhies
  17 shadow wraiths
  66 deep trolls
  4 spatial maelstroms
  A bunyip zombie (Hell)
  11 iron trolls
  6 goliath frogs
  3 glowing orange brains
  20 cherubim
  15 sun moths (Pan)
  8 quicksilver dragon simulacra
  An orb spider (Zig:14)
  3 arcanists
  11 bog bodies
  9 spriggan druids
  20 swamp dragons
  A sun moth (shapeshifter) (Vaults:5)
  An eye of devastation (shapeshifter) (Depths:3)
  4 kraken simulacra (Coc:7)
  11 lindwurms
  42 shadow demons
  12 mana vipers
  2 flayed ghosts
  17 deep elf archers
  3 shadow dragon zombies
  4 obsidian statues
  6 spriggan simulacra
  36 deep elf zephyrmancers
  2 orange crystal statues
  7 naga ritualists
  A fenstrider witch simulacrum (Coc:2)
  19 necromancers
  14 orc knights
  A golden dragon skeleton (Depths:1)
  2 harpies (Vaults:2)
  15 phantasmal warriors
  22 ironbound convokers
  37 deep elf pyromancers
  4 thermic dynamos
  3 manticores
  A wolf spider (shapeshifter) (Vaults:5)
  9 will-o-the-wisps
  A broodmother zombie (Crypt:2)
  A stone giant zombie (Crypt:1)
  27 ugly things
  8 shining eyes
  A frost giant zombie (Depths:1)
  8 orc sorcerers
  A spectral ettin (Tar:4)
  A shadow dragon skeleton (Zig:8)
  A meliai (Abyss:4)
  25 moths of wrath
  26 black mambas
  9 cyclopes
  A spectral centaur (Tar:1)
  8 salamanders
  A frost giant skeleton (Zig:8)
  2 worldbinders (Abyss:3)
  4 Executioner simulacra (Pan)
  3 apocalypse crabs
  A water nymph (Zig:14)
  9 guardian serpents
  13 elephants
  4 kobold blastminers
  A guardian serpent (shapeshifter) (Vaults:5)
  12 eyes of devastation
  16 naga magi
  2 black mambas (shapeshifter)
  5 ice statues (Pan)
  17 vault sentinels
  2 centaur skeletons
  8 torpor snails
  Maggie (D:8)
  116 smoke demons
  A gargoyle (D:14)
  9 titan simulacra
  12 rust devils
  17 cane toads
  121 large abominations
  Jeremiah (D:6)
  62 orange demons
  48 hellions
  5 unseen horrors
  40 yaktaurs
  A purple draconian zombie (Crypt:2)
  18 ancient zymes
  4 rime drakes
  9 komodo dragons
  2 iron giant simulacra
  60 tormentors
  3 anaconda simulacra
  10 efreet
  9 freezing wraiths
  5 tengu conjurers
  12 ice devils
  6 red devils
  4 golden dragon simulacra
  45 guardian mummies
  A polar bear (shapeshifter) (Elf:1)
  A harpy zombie (Hell)
  5 spectral harpies (Tar:4)
  55 hellwings
  9 trolls
  2 merfolk (Zig:14)
  An alligator simulacrum (Hell)
  An iron troll skeleton (Crypt:3)
  3 silent spectres
  An unseen horror skeleton (Crypt:1)
  3 bloated husks
  A polar bear (Lair:2)
  A merfolk (shapeshifter) (Depths:2)
  2 queen bees
  A glass eye (shapeshifter) (Depths:1)
  4 harpy skeletons
  A wolf spider simulacrum (D:14)
  A hydra skeleton (Tomb:1)
  10 tyrant leeches
  8 glass eyes
  16 hornets
  20 blink frogs
  An ettin zombie (Crypt:3)
  A snapping turtle (shapeshifter) (Elf:1)
  A dream sheep (shapeshifter) (Vaults:5)
  7 raiju
  A boulder beetle zombie (Crypt:1)
  4 dream sheep (Lair:2)
  3 jumping spiders (Zot:2)
  A jumping spider (shapeshifter) (Lair:5)
  2 iron dragon simulacra
  121 slime creatures
  A shadow (D:10)
  5 stone giant simulacra
  A fire dragon skeleton (Crypt:3)
  17 spriggans
  6 air elementals
  6 wraiths
  2 satyr skeletons
  55 yaks
  A spriggan (shapeshifter) (Depths:3)
  3 dire elephant simulacra
  2 naga simulacra
  2 vampires (D:14)
  4 hogs (Lair:5)
  18 small abominations
  3 water elementals
  55 starcursed masses
  9 ushabtiu
  6 wyverns
  119 ynoxinuls
  5 fire elementals
  12 basilisks
  3 wargs
  A redback (shapeshifter) (Vaults:5)
  16 golden eyes
  A hog (shapeshifter) (D:14)
  A human (shapeshifter) (D:10)
  15 vampire mosquitoes
  2 alligator snapping turtle simulacra (Coc:2)
  2 steam dragons (Lair:2)
  67 neqoxecs
  A redback (Zig:14)
  98 chaos spawn
  15 harpy simulacra
  2 acid dragons
  A faun zombie (Crypt:3)
  19 swamp worms
  38 nagas
  10 water moccasins
  8 hell hounds
  A hydra simulacrum (Coc:7)
  41 orc warriors
  A naga skeleton (Tomb:3)
  4 ice beasts
  Pargi (Sewer)
  2 black bears
  A two-headed ogre skeleton (Crypt:3)
  6 ettin simulacra
  4 swamp drakes
  A sky beast (D:7)
  16 ogres
  16 wolves
  20 centaurs
  An ice dragon simulacrum (Coc:3)
  42 laughing skulls
  A manticore skeleton (Crypt:3)
  A blink frog skeleton (Crypt:1)
  A rime drake zombie (Crypt:2)
  2 elf zombies (Ossuary)
  2 kobold brigands
  8 bullfrogs
  2 earth elementals (Elf:1)
  A cane toad simulacrum (Lair:2)
  3 scorpions
  2 gnoll sergeants
  16 wights
  43 killer bees
  A yak skeleton (Crypt:3)
  2 electric eels
  4 howler monkeys
  4 centaur zombies
  A jelly (D:6)
  A human zombie (Ossuary)
  20 orc priests
  3 hounds
  A sleepcap (D:5)
  21 orc wizards
  Natasha (thrice) (D:4)
  11 hell rats
  5 iguanas
  A human skeleton (Crypt:2)
  An ice beast zombie (Crypt:2)
  A tengu zombie (Crypt:1)
  3 hound zombies (Ossuary)
  57 mummies
  9 gnolls
  A howler monkey skeleton (Crypt:2)
  4 adders
  19 river rats
  3 shadow imps
  2 white imps
  4 ufetubi
  6 adder zombies (Ossuary)
  A dart slug (D:1)
  3 ribbon worms
  66 orcs
  7 bats
  6 endoplasms
  6 giant cockroaches
  6 gnoll zombies (Ossuary)
  6 goblins
  5 hobgoblins
  11 jackals
  12 quokkas
  12 ball pythons
  4 frilled lizards
  A goblin zombie (Crypt:2)
  8 jackal zombies (Ossuary)
  19 kobolds
  6 kobold zombies (Ossuary)
  2 orc zombies (Ossuary)
  A quokka skeleton (Crypt:1)
  18 rats
  6 aspiring fleshes
  6 ball lightnings (Pan)
  6 creeping infernos
  15 fire vortices
  10 starspawn tentacles
5866 creatures vanquished.

Vanquished Creatures (collateral kills)
  2 royal mummies
  A tentacled monstrosity (Zig:14)
  An Executioner (Pan)
  A sphinx (Tomb:1)
  A death cob (Zot:1)
  A ghost moth (Zig:14)
  2 cacodemons (Pan)
  A green draconian (Zot:4)
  A wendigo (Coc:7)
  A blizzard demon (Pan)
  An ettin (Zot:4)
  A sixfirhy (Pan)
  An orange demon (Pan)
  An ushabti (Tomb:2)
  A neqoxec (Pan)
  2 harpy simulacra
  A naga simulacrum (Coc:7)
  2 aspiring fleshes
22 creatures vanquished.

Vanquished Creatures (others)
  An eldritch tentacle (Pan)
  A draconian scorcher (Zot:5)
  A lorocyproca (Pan)
  2 blizzard demons (Pan)
  A sun demon (Pan)
  A deep elf knight (Elf:1)
  An orc wizard (Orc:2)
  393 fire vortices
  6 foxfires
  67 fulminant prisms
  10 starspawn tentacles
484 creatures vanquished.

Grand Total: 6372 creatures vanquished

Notes
Turn   | Place    | Note
-------+----------+-------------------------------------------
     0 | D:1      | Rudyous the Draconian Conjurer began the quest for the Orb.
     0 | D:1      | Reached XP level 1. HP: 14/14 MP: 3/3
   404 | D:1      | Reached XP level 2. HP: 22/22 MP: 0/5
   628 | D:1      | Reached skill level 1 in Fighting
   984 | D:1      | Reached XP level 3. HP: 28/28 MP: 3/6
  1534 | D:2      | Learned a level 2 spell: Searing Ray
  2274 | D:3      | Reached XP level 4. HP: 35/36 MP: 4/8
  2788 | D:3      | Got the Tractate on Rough Haze
  3452 | D:4      | Reached XP level 5. HP: 36/42 MP: 1/9
  3545 | D:4      | Found a glowing silver altar of Zin.
  3648 | D:4      | Reached skill level 5 in Conjurations
  3805 | D:4      | Found an ornate altar of the Wu Jian Council.
  3888 | D:4      | Noticed Natasha
  3895 | D:4      | Killed Natasha
  3896 | D:4      | Reached XP level 6. HP: 51/51 MP: 2/11
  4097 | D:4      | Noticed Natasha
  4100 | D:4      | Killed Natasha
  4100 | D:4      | Noticed Natasha
  4105 | D:4      | Killed Natasha
  4656 | D:5      | Entered Level 5 of the Dungeon
  4983 | D:5      | Noticed an ice beast
  4989 | D:5      | Killed an ice beast
  4990 | D:5      | Your scales start taking on a lurid green colour.
  4990 | D:5      | Reached XP level 7. HP: 59/59 MP: 3/13
  4990 | D:5      | Gained mutation: Your system is resistant to poisons.
                  | (rPois) [Green Draconian growth]
  5028 | D:5      | Found a glowing drain.
  5060 | Sewer    | Entered a sewer
  5170 | Sewer    | Noticed Pargi
  5181 | Sewer    | Killed Pargi
  5402 | D:5      | Reached skill level 1 in Earth Magic
  5405 | D:5      | Reached skill level 1 in Alchemy
  6186 | D:6      | Reached skill level 5 in Fighting
  6186 | D:6      | Reached XP level 8. HP: 68/68 MP: 3/15
  6565 | D:6      | Reached skill level 5 in Spellcasting
  6657 | D:6      | Noticed Jeremiah
  6665 | D:6      | Killed Jeremiah
  6790 | D:6      | Learned a level 3 spell: Stone Arrow
  6795 | D:6      | Learned a level 4 spell: Olgreb's Toxic Radiance
  6939 | D:5      | Learned a level 4 spell: Fulminant Prism
  7178 | D:6      | Found an opulent altar of Gozag.
  7225 | D:6      | Reached XP level 9. HP: 78/78 MP: 3/17
  7389 | D:6      | Reached skill level 5 in Alchemy
  7474 | D:6      | Found a runed translucent door.
  7475 | D:6      | Noticed Crazy Yiuf
  7665 | D:6      | Found a staircase to the Ecumenical Temple.
  7677 | Temple   | Entered the Ecumenical Temple
  7683 | Temple   | Became a worshipper of Vehumet
  8364 | D:7      | Reached skill level 5 in Earth Magic
  8364 | D:7      | Found a sand-covered staircase.
  8382 | Ossuary  | Entered an ossuary
  8436 | Ossuary  | Reached * piety under Vehumet
  8436 | Ossuary  | Offered knowledge of Freeze by Vehumet.
  8703 | Ossuary  | Reached ** piety under Vehumet
  8727 | Ossuary  | Offered knowledge of Shock by Vehumet.
  9611 | D:7      | Noticed a deep elf pyromancer
  9617 | D:7      | Killed a deep elf pyromancer
  9718 | D:7      | Reached XP level 10. HP: 88/88 MP: 6/20
  9917 | D:8      | Noticed Maggie
  9921 | D:8      | Killed Maggie
 10182 | D:8      | Offered knowledge of Frozen Ramparts by Vehumet.
 10309 | D:8      | Noticed a brown ugly thing
 10313 | D:8      | Killed a brown ugly thing
 10397 | D:8      | Noticed a two-headed ogre
 10406 | D:8      | Killed a two-headed ogre
 10597 | D:8      | Noticed Erica
 10618 | D:8      | Killed Erica
 11602 | D:9      | Reached XP level 11. HP: 85/97 MP: 9/23
 11897 | D:9      | Reached *** piety under Vehumet
 11898 | D:9      | Reached skill level 10 in Fighting
 12601 | D:9      | Found Teublukk's Jewellery Boutique.
 12646 | D:9      | Found a staircase to the Lair.
 12665 | D:10     | Entered Level 10 of the Dungeon
 12665 | D:10     | Found a hazy altar of Hepliaklqana.
 12801 | D:10     | Reached skill level 1 in Air Magic
 12819 | D:10     | Noticed Gastronok
 12982 | D:10     | Found a white marble altar of Elyvilon.
 13008 | D:10     | Found a bloodstained altar of Trog.
 13231 | D:10     | Offered knowledge of Inner Flame by Vehumet.
 13334 | D:10     | Killed Gastronok
 13560 | D:10     | Found a staircase to the Orcish Mines.
 13719 | D:10     | Found a sparkling altar of Nemelex Xobeh.
 13719 | D:10     | Found a transporter.
 13721 | D:10     | Noticed an ogre mage
 13737 | D:10     | Killed an ogre mage
 14165 | D:10     | Found Yntosh's Book Boutique.
 14167 | D:10     | Found Sonint's Jewellery Emporium.
 14168 | D:10     | Found Obbemp's Assorted Antiques.
 14168 | D:10     | Found Oqeng's Antique Armour Boutique.
 14277 | D:10     | Bought a Trismegistus Codex for 336 gold pieces
 14282 | D:10     | Learned a level 4 spell: Ignite Poison
 14383 | Lair:1   | Entered Level 1 of the Lair of Beasts
 14507 | Lair:1   | Reached **** piety under Vehumet
 14746 | Lair:1   | Offered knowledge of Fireball by Vehumet.
 14747 | Lair:1   | Reached XP level 12. HP: 110/110 MP: 17/25
 14763 | Lair:1   | Reached skill level 10 in Spellcasting
 14925 | Lair:1   | Reached skill level 5 in Air Magic
 15371 | Orc:1    | Entered Level 1 of the Orcish Mines
 15375 | Orc:1    | Reached ***** piety under Vehumet
 15376 | Orc:1    | Offered knowledge of Bombard by Vehumet.
 16119 | Orc:1    | Noticed an orc warlord
 16126 | Orc:1    | Killed an orc warlord
 16729 | Orc:2    | Entered Level 2 of the Orcish Mines
 16729 | Orc:2    | Noticed an ettin
 16734 | Orc:2    | Killed an ettin
 17130 | Orc:2    | Noticed a two-headed ogre
 17136 | Orc:2    | Killed a two-headed ogre
 17141 | Orc:2    | Noticed Rupert
 17401 | Orc:2    | Found a staircase to the Elven Halls.
 17485 | Orc:2    | Noticed an ogre mage
 17491 | Orc:2    | Killed an ogre mage
 17526 | Orc:2    | Noticed an orc high priest
 17634 | Orc:2    | Noticed an orc high priest
 17640 | Orc:2    | Killed an orc high priest
 17641 | Orc:2    | Reached XP level 13. HP: 101/119 MP: 6/28
 17915 | Orc:2    | Found Saugemao's Jewellery Shop.
 17915 | Orc:2    | Found Dyaraf's General Store.
 17917 | Orc:2    | Found Foqar's Book Shop.
 17917 | Orc:2    | Found Roemoig's Assorted Antiques.
 17987 | Orc:2    | Bought a book of Fire for 416 gold pieces
 17991 | Orc:2    | Bought an amulet of reflection for 420 gold pieces
 18142 | Lair:1   | Reached skill level 1 in Fire Magic
 18787 | D:9      | Learned a level 6 spell: Bombard
 19577 | Lair:1   | Found an ornate altar of the Wu Jian Council.
 19577 | Lair:1   | Found a hide-covered altar of Uskayaw.
 19983 | Lair:2   | Offered knowledge of Yara's Violent Unravelling by Vehumet.
 20022 | Lair:2   | Learned a level 6 spell: Plasma Beam
 20149 | Lair:2   | Found a staircase to the Snake Pit.
 20591 | Lair:2   | Learned a level 5 spell: Irradiate
 21042 | Lair:2   | Reached skill level 5 in Fire Magic
 21513 | Lair:2   | Offered knowledge of Arcjolt by Vehumet.
 22147 | Lair:3   | Got the Parchment of the Isometric Lithosphere
 22413 | Lair:3   | Gained mutation: Your tail ends in a venomous barb. [Green
                  | Draconian growth]
 22413 | Lair:3   | Reached XP level 14. HP: 75/130 MP: 23/30
 23101 | Orc:2    | Bought a scroll of identify for 58 gold pieces
 23101 | Orc:2    | Bought a potion of heal wounds for 145 gold pieces
 23427 | Lair:3   | Found a staircase to the Swamp.
 23454 | Lair:3   | Identified the blade talisman of Light {rC+ Int-5 Slay+2}
 24701 | Lair:4   | Found a runed translucent door.
 24703 | Lair:4   | Found a shimmering altar of Xom.
 24703 | Lair:4   | Noticed nojaa's ghost (journeyman KoEn)
 24703 | Lair:4   | Identified the +8 battleaxe of Leataff {chaos, rElec Str+2
                  | Int-2}
 24911 | Lair:5   | Entered Level 5 of the Lair of Beasts
 26557 | D:12     | Noticed Sonja
 26561 | D:12     | Killed Sonja
 27789 | D:13     | Found a runed translucent door.
 27790 | D:13     | Found a hide-covered altar of Uskayaw.
 27810 | D:13     | Offered knowledge of Spellforged Servitor by Vehumet.
 28088 | D:13     | Found a gate to the Vaults.
 28597 | D:14     | Reached skill level 10 in Air Magic
 28599 | D:14     | Noticed Jorgrun
 28818 | D:14     | Killed Jorgrun
 30219 | D:14     | Reached XP level 15. HP: 139/139 MP: 26/31
 30442 | D:15     | Entered Level 15 of the Dungeon
 30522 | D:15     | Reached skill level 15 in Fighting
 30706 | D:15     | Reached skill level 10 in Fire Magic
 30778 | D:15     | Identified the +7 arbalest of Leaping Infinite Pain {penet,
                  | Will+ rCorr Str+2 Dex+3}
 31523 | Orc:2    | Bought the ring "Ryawk" {rF+ MP+9 Dex+6 SInv} for 1023 gold
                  | pieces
 31770 | Lair:5   | Found a staircase to the Slime Pits.
 31932 | Lair:5   | Noticed Kirke
 31940 | Lair:5   | Killed Kirke
 33054 | Lair:5   | Offered knowledge of Ozocubu's Refrigeration by Vehumet.
 33840 | Lair:5   | Found a corrupted altar of Lugonu.
 33929 | Lair:5   | Found a one-way gate to the infinite horrors of the Abyss.
 34264 | D:15     | Identified the +0 pair of boots of the Sky {rElec rC+}
 34343 | D:15     | Found a staircase to the Depths.
 35402 | Swamp:1  | Entered Level 1 of the Swamp
 35515 | Snake:1  | Entered Level 1 of the Snake Pit
 35561 | Snake:1  | Noticed Agnes
 35570 | Snake:1  | Killed Agnes
 37054 | Snake:1  | Found an ancient bone altar of Kikubaaqudgha.
 37794 | Snake:2  | Reached XP level 16. HP: 151/151 MP: 9/33
 39534 | D:10     | Bought a pair of glowing gloves for 165 gold pieces
 39876 | Snake:3  | Learned a level 8 spell: Ignition
 40918 | Snake:3  | Found Repseom's Armour Boutique.
 40920 | Snake:3  | Found Jeluuhie's Weapon Boutique.
 40920 | Snake:3  | Found Degex's Assorted Antiques.
 41014 | Snake:3  | Found Udghan's Armour Shop.
 41020 | Snake:3  | Bought a scroll of identify for 60 gold pieces
 41255 | Snake:3  | Offered knowledge of Eringya's Noxious Bog by Vehumet.
 42349 | Snake:4  | Entered Level 4 of the Snake Pit
 42442 | Snake:4  | Found Polit's Book Emporium.
 42445 | Snake:4  | Found Hiukk's Jewellery Shoppe.
 42447 | Snake:4  | Found Salil's Magic Scroll Emporium.
 42455 | Snake:4  | Bought a scroll of fear for 52 gold pieces
 42455 | Snake:4  | Bought a scroll of blinking for 97 gold pieces
 42455 | Snake:4  | Bought a scroll of amnesia for 52 gold pieces
 42455 | Snake:4  | Bought a scroll of identify for 26 gold pieces
 42455 | Snake:4  | Bought a scroll of identify for 26 gold pieces
 42455 | Snake:4  | Bought a scroll of identify for 26 gold pieces
 42455 | Snake:4  | Bought a scroll of identify for 26 gold pieces
 42455 | Snake:4  | Bought a scroll of fog for 52 gold pieces
 44784 | Snake:4  | Reached XP level 17. HP: 160/160 MP: 35/35
 45379 | Snake:4  | Offered knowledge of Lehudib's Crystal Spear by Vehumet.
 45515 | Snake:4  | Got a serpentine rune of Zot
 46338 | Vaults:1 | Entered Level 1 of the Vaults
 46776 | Vaults:1 | Reached skill level 15 in Fire Magic
 47230 | Vaults:1 | Noticed a lich
 47309 | Vaults:1 | Killed a lich
 47318 | Vaults:1 | Reached skill level 15 in Spellcasting
 48136 | Vaults:1 | Found a glowing golden altar of the Shining One.
 48283 | Vaults:1 | Found Ebemp's Distillery.
 49206 | Vaults:1 | Upgraded the game from 0.32-a0-520-g344ed53f66 to
                  | 0.32-a0-540-g866d13106e
 49279 | Vaults:2 | Reached XP level 18. HP: 171/171 MP: 37/37
 50280 | Vaults:2 | Reached ****** piety under Vehumet
 50466 | Vaults:2 | Offered knowledge of Lehudib's Crystal Spear by Vehumet.
 50466 | Vaults:2 | Offered knowledge of Polar Vortex by Vehumet.
 50490 | Vaults:2 | Noticed Norris
 50494 | Vaults:2 | Killed Norris
 50760 | Vaults:2 | Noticed Jory
 50767 | Vaults:2 | Killed Jory
 51666 | Elf:1    | Entered Level 1 of the Elven Halls
 51666 | Elf:1    | Found a portal to a secret trove of treasure.
 51695 | Elf:1    | Paralysed by an air elemental for 1 turns
 52163 | Elf:1    | Paralysed by an air elemental for 1 turns
 52167 | Elf:1    | Paralysed by an air elemental for 1 turns
 52792 | Elf:1    | Identified the +4 falchion of Qazlal's Generosity {flame,
                  | rPois rF- Int+4}
 52840 | Abyss:3  | Found a corrupted altar of Lugonu.
 52840 | Abyss:3  | Cast into level 3 of the Abyss (+5 halberd of distortion)
 53097 | Abyss:3  | Found a corrupted altar of Lugonu.
 53127 | Abyss:3  | Found a corrupted altar of Lugonu.
 53305 | Abyss:3  | Noticed a lich
 53592 | Elf:1    | Escaped the Abyss
 53838 | Elf:1    | Learned a level 8 spell: Maxwell's Capacitive Coupling
 53939 | Elf:1    | Reached XP level 19. HP: 171/181 MP: 31/39
 54518 | Elf:2    | Reached skill level 10 in Earth Magic
 55387 | Elf:2    | Found a runed translucent gate.
 55390 | Elf:2    | Found a runed translucent gate.
 55393 | Elf:2    | Found a runed translucent gate.
 55620 | Elf:3    | Entered Level 3 of the Elven Halls
 55827 | Elf:3    | Paralysed by an air elemental for 1 turns
 56666 | Elf:3    | Identified the +11 rapier "Meihy" {drain, rC+ rN+}
 57365 | Vaults:1 | Bought 2 potions of curing for 84 gold pieces
 57365 | Vaults:1 | Bought a potion of curing for 42 gold pieces
 57365 | Vaults:1 | Bought a potion of curing for 42 gold pieces
 57365 | Vaults:1 | Bought a potion of heal wounds for 70 gold pieces
 57639 | Elf:3    | Paralysed by an air elemental for 1 turns
 58874 | Vaults:3 | Reached skill level 10 in Conjurations
 58951 | Vaults:3 | Found a staircase to the Crypt.
 60722 | Slime:1  | Entered Level 1 of the Pits of Slime
 61188 | Slime:1  | Gained mutation: You have supernaturally acute eyesight.
                  | (SInv) [a shining eye]
 61546 | Slime:3  | Noticed Dissolution
 61548 | Slime:3  | Reached XP level 20. HP: 191/191 MP: 40/40
 61759 | Slime:3  | Killed Dissolution
 63547 | Slime:5  | Entered Level 5 of the Pits of Slime
 63548 | Slime:5  | Found the ring of the Octopus King
 63582 | Slime:5  | Noticed the Royal Jelly
 63869 | Slime:5  | Gained mutation: You are frail. (-10% HP) [a shining eye]
 64079 | Slime:4  | Lost mutation: You have supernaturally acute eyesight.
                  | (SInv) [potion of mutation]
 64079 | Slime:4  | Lost mutation: You are frail. (-10% HP) [potion of
                  | mutation]
 64079 | Slime:4  | Gained mutation: Your tail ends in a sharp venomous barb.
                  | [potion of mutation]
 64079 | Slime:4  | Gained mutation: You occasionally lose the ability to drink
                  | potions when taking damage. [potion of mutation]
 64079 | Slime:4  | Gained mutation: You are somewhat resistant to further
                  | mutation. [potion of mutation]
 64080 | Slime:4  | Lost mutation: Your tail ends in a sharp venomous barb.
                  | [potion of mutation]
 64080 | Slime:4  | Lost mutation: You occasionally lose the ability to drink
                  | potions when taking damage. [potion of mutation]
 64080 | Slime:4  | Lost mutation: You are somewhat resistant to further
                  | mutation. [potion of mutation]
 64080 | Slime:4  | Gained mutation: You have a somewhat thin skeletal
                  | structure. (Dex +2, Stealth+) [potion of mutation]
 64080 | Slime:4  | Gained mutation: You are weak. (Str -2) [potion of
                  | mutation]
 65585 | Swamp:1  | Noticed Mlioglotl
 65596 | Lair:3   | Killed Mlioglotl
 65900 | Swamp:1  | Identified the granite talisman of Qazlal, Imbibing {rC+
                  | Will+ rCorr}
 65900 | Swamp:1  | Noticed Roxanne
 66214 | Swamp:2  | Noticed Donald
 66218 | Swamp:2  | Killed Donald
 66454 | Swamp:2  | Found a shadowy altar of Dithmenos.
 69178 | Swamp:4  | Entered Level 4 of the Swamp
 69206 | Swamp:4  | Reached XP level 21. HP: 201/201 MP: 31/42
 69635 | Swamp:4  | Reached skill level 15 in Earth Magic
 70163 | Swamp:4  | Identified the +8 plate armour "Qebosualet" {Fly rCorr
                  | Int+3}
 70641 | Swamp:4  | Got a decaying rune of Zot
 70925 | Snake:3  | Bought a potion of mutation for 240 gold pieces
 71388 | Vaults:4 | Learned a level 8 spell: Lehudib's Crystal Spear
 73738 | Orc:2    | Bought an amulet of regeneration for 420 gold pieces
 74173 | Elf:3    | Paralysed by an air elemental for 1 turns
 74182 | Elf:3    | Paralysed by an air elemental for 1 turns
 74188 | Elf:3    | Paralysed by an air elemental for 1 turns
 74190 | Elf:3    | Paralysed by an air elemental for 1 turns
 74928 | Elf:3    | Identified the +0 leather armour of Henotheism {rPois Int-2
                  | Dex-5 Stlth+}
 75400 | Elf:3    | Identified the +0 hand axe of Twilight {drain, rElec rC+
                  | Stlth+}
 75787 | Elf:3    | Identified the +0 gold dragon scales "Jylerhao" {rPois rF+
                  | rC+ Str-2 Int+5}
 75818 | Elf:3    | Identified the +5 spear of Meugimp {elec, ^Contam rF- Str+3
                  | Int+8}
 76570 | Elf:3    | Identified the +1 long sword "Cotz" {venom, Str+3 Int+4
                  | SInv}
 76592 | Elf:3    | Found the +3 giant club "Skullcrusher" {speed, Str+7}
 76595 | Elf:3    | Got the Book of Ignition and Arcane Combat
 76618 | Elf:3    | Identified the serpent talisman of Defiance {Int+2}
 76645 | Elf:3    | Reached XP level 22. HP: 194/195 MP: 43/44
 76831 | Orc:2    | Killed Rupert
 77686 | Slime:5  | Found a viscous altar of Jiyva.
 77837 | Slime:5  | Killed the Royal Jelly
 78183 | Slime:5  | Identified the amulet "Zuxeled" {Reflect rC+ Int+4 Slay-3
                  | SH+5 Stlth+}
 78194 | Slime:5  | Identified a ring of the Octopus King {rN+ HP+2 AC+2 EV+2
                  | SH+2}
 78196 | Slime:5  | Identified the +9 spear of the Fool {protect, rF- Dex+5}
 78321 | Slime:5  | Got a slimy rune of Zot
 78323 | Slime:5  | Got the Omnibus of Fulmination
 78324 | Slime:5  | Identified the +6 spear "Ohunaz" {antimagic, rElec rF-
                  | Will+ Str+3}
 78326 | Slime:5  | Got Buinnok's Almanac of the Mob
 78672 | Slime:5  | Identified the +9 scimitar of Virtue {drain, rF+}
 79424 | Crypt:1  | Entered Level 1 of the Crypt
 80616 | Crypt:1  | Paralysed by a vampire knight for 2 turns
 81436 | Crypt:1  | Learned a level 9 spell: Shatter
 82770 | Crypt:3  | Entered Level 3 of the Crypt
 83429 | Crypt:3  | Found a magical portal.
 83577 | Crypt:3  | Noticed a curse toe
 83710 | Crypt:3  | Killed a curse toe
 84354 | Crypt:3  | Noticed a curse toe
 84692 | Crypt:3  | Killed a curse toe
 85315 | Crypt:3  | Found a staircase to the Tomb.
 85598 | Crypt:3  | Noticed a dread lich
 85598 | Crypt:3  | Paralysed by a dread lich for 3 turns
 85602 | Crypt:3  | Killed a dread lich
 85726 | Crypt:3  | Noticed a dread lich
 85729 | Crypt:3  | Killed a dread lich
 85862 | Crypt:3  | Got the Book of Resurrection
 85896 | Crypt:3  | Got the Directory of the Scorpion and the Curse
 85906 | Crypt:3  | Identified the +8 lajatang of Kinitik {freeze, rC+ Int+2}
 86230 | Depths:1 | Entered Level 1 of the Depths
 86384 | Depths:1 | Reached XP level 23. HP: 210/222 MP: 45/45
 86816 | Depths:1 | Found a gateway to Hell.
 87826 | Depths:1 | Found Texan's Serpentskin Sales.
 88083 | Depths:2 | Reached skill level 15 in Conjurations
 88221 | Depths:2 | Noticed a caustic shrike
 88334 | Depths:2 | Noticed a caustic shrike
 88341 | Depths:1 | Killed a caustic shrike
 89243 | Depths:2 | Identified the +3 lajatang of Ytal {drain, rF- Dex+5}
 89246 | Depths:2 | Noticed a caustic shrike
 89457 | Depths:2 | Killed a caustic shrike
 89514 | Depths:2 | Identified the ring of Ycuf {rPois Will++ Dex+6 Slay-2}
 89729 | Depths:2 | Killed a caustic shrike
 89828 | Depths:2 | Found a shadowy altar of Dithmenos.
 89884 | Depths:2 | Found a one-way gate leading to the halls of Pandemonium.
 90704 | Depths:2 | Found a one-way gateway to a ziggurat.
 90888 | Depths:2 | Found a runed translucent door.
 90888 | Depths:2 | Found a runed translucent door.
 90994 | Depths:2 | Found the +3 warlock's mirror {omnireflect}
 91123 | Depths:3 | Noticed Xtahua
 91130 | Depths:3 | Killed Xtahua
 91151 | Depths:3 | Identified the +4 robe "Kotip" {rElec rF+ Will+}
 91151 | Depths:3 | Noticed Boris
 91155 | Depths:3 | Killed Boris
 91273 | Depths:3 | Identified the +8 falchion "Embalmer" {holy, rElec}
 91814 | Depths:3 | Found Mokuz's Self-Published Books.
 92706 | Depths:3 | Found a glowing silver altar of Zin.
 92709 | Depths:3 | Noticed Mennas
 93280 | Depths:3 | Reached XP level 24. HP: 221/233 MP: 46/46
 94341 | Orc:2    | Bought a phantom mirror for 400 gold pieces
 94341 | Orc:2    | Bought a scroll of enchant weapon for 75 gold pieces
 94341 | Orc:2    | Bought the +10 falchion "Pueqir" {holy, rF+} for 694 gold
                  | pieces
 94341 | Orc:2    | Bought a scroll of fear for 40 gold pieces
 94540 | Snake:3  | Bought the +6 hand axe of Expedience {spect, *Slow rF+++
                  | rN+ Dex-5} for 811 gold pieces
 94859 | Vaults:5 | Entered Level 5 of the Vaults
 95560 | Depths:4 | Entered Level 4 of the Depths
 98260 | Vaults:5 | Identified the +0 scale mail of Devotion {MP+9}
 98269 | Vaults:5 | Got a silver rune of Zot
 98332 | Vaults:5 | Identified the +3 ring mail of Hopscotch {rElec Regen+
                  | Slay+3}
 98358 | Vaults:5 | Identified the staff of Utaporch {rF+ rC+ Str+3 Dex+3 Ice}
 98549 | Vaults:5 | Got the Octavo of the Malignant Gathering
 99139 | Vaults:5 | Identified the amulet of Xom's Capriciousness {Acrobat Harm
                  | Will+}
 99142 | Vaults:5 | Identified the ring of Tiacepa {rPois rF+ MP-9 Dex+4}
 99316 | Vaults:5 | Identified the +1 morningstar of Aneneich {speed, Fly rElec
                  | rF++ Str-2}
 99316 | Vaults:5 | Identified the ring "Fohurila" {rN+ EV+5 Int+5 Dex-5}
 99322 | Vaults:5 | Reached XP level 25. HP: 240/243 MP: 17/47
100365 | Depths:4 | Found a gate to the Realm of Zot.
100802 | Swamp:1  | Killed Roxanne
101327 | Zot:1    | Entered Level 1 of the Realm of Zot
101582 | Zot:1    | Reached skill level 1 in Shields
101583 | Zot:1    | Reached skill level 1 in Shapeshifting
102805 | Zot:2    | You are sucked into a shaft and drop 2 floors!
103478 | Zot:3    | Reached skill level 5 in Shields
104328 | Zot:2    | Reached skill level 5 in Shapeshifting
105509 | Zot:2    | Identified the +11 mace of the Magi {freeze, *Corrode
                  | +Blink Dex+6}
105704 | Zot:2    | Identified the ring "Rucoez" {rPois Will+ rCorr Int+2}
106961 | Zot:3    | Noticed a Killer Klown
106966 | Zot:3    | Killed a Killer Klown
106967 | Zot:3    | Reached XP level 26. HP: 242/254 MP: 33/48
107025 | Zot:3    | Learned a level 9 spell: Fire Storm
107162 | Zot:3    | Identified the +5 dire flail "Hollaukh" {drain, rCorr
                  | Int+4}
107162 | Zot:3    | Identified the amulet of the Feeding Gods {Reflect Int+3
                  | SH+5}
108816 | Depths:3 | Bought Gekocwioma's Anthology of Eternal Blood for 322 gold
                  | pieces
111270 | Zot:4    | Identified the +1 whip of Makhleb's Approval {heavy, Int+4}
111396 | Zot:4    | Identified the +6 orcbow "Deud" {drain, Str+4}
111425 | Zot:5    | Entered Level 5 of the Realm of Zot
111765 | Zot:5    | Reached skill level 10 in Shields
112068 | Zot:5    | Identified the +3 hand axe "Yli Utsu" {freeze, Dex+3}
112584 | Zig:1    | Entered Level 1 of a ziggurat
112718 | Zig:2    | Entered Level 2 of a ziggurat
112742 | Zig:3    | Entered Level 3 of a ziggurat
112792 | Zig:3    | Learned a level 9 spell: Chain Lightning
112796 | Zig:4    | Entered Level 4 of a ziggurat
112820 | Zig:4    | Identified the +1 cloak of New Discoveries {rN+}
112829 | Zig:5    | Entered Level 5 of a ziggurat
112850 | Zig:5    | Identified the amulet of Joalak {Faith rN+ Regen+ Dex+2}
112879 | Zig:6    | Entered Level 6 of a ziggurat
112911 | Zig:6    | Identified the +10 trident "Toewn" {spect, Int+5}
112914 | Zig:6    | Identified the +1 great sword of Experimentation {venom,
                  | rF+ rC+ rN+ Will+}
112934 | Zig:7    | Entered Level 7 of a ziggurat
112980 | Zig:7    | Identified the ring of Nifofuf {rF+ Str+6 Int+3}
112993 | Zig:7    | Learned a level 2 spell: Sublimation of Blood
112994 | Zig:8    | Entered Level 8 of a ziggurat
113007 | Zig:8    | Reached skill level 10 in Shapeshifting
113056 | Zig:9    | Entered Level 9 of a ziggurat
113101 | Zig:9    | Identified the +2 trident "Gram" {drain, Int+3 Dex+2
                  | Stlth+}
113127 | Zig:10   | Entered Level 10 of a ziggurat
113224 | Zig:10   | Found the +8 Vampire's Tooth {megavamp}
113237 | Zig:10   | Reached skill level 15 in Air Magic
113237 | Zig:10   | Reached XP level 27. HP: 264/264 MP: 49/49
113248 | Zig:10   | Identified the +5 whip of Wu Jian's Esteem {elec, rN++
                  | rCorr Str-5 Dex+3}
113255 | Zig:10   | Got the Elucidation of Heated Algor
113274 | Zig:11   | Entered Level 11 of a ziggurat
113292 | Zig:11   | Found the sphere of Battle
113299 | Zig:11   | Identified the ring of Imoipnal {rF+ rC- rN+ Dex+5 Stlth+}
113376 | Zig:11   | Identified the +0 glaive "Ohaf" {holy, rPois rN+ Str+3
                  | Dex-3 Stlth+}
113965 | Zot:5    | Noticed an orb of fire
113979 | Zot:5    | Gained mutation: You do not regenerate when monsters are
                  | visible. [an orb of fire]
113983 | Zot:5    | Gained mutation: You occasionally lose the ability to read
                  | scrolls when taking damage. [an orb of fire]
113987 | Zot:5    | Lost mutation: You do not regenerate when monsters are
                  | visible. [an orb of fire]
113990 | Zot:5    | Killed an orb of fire
114224 | Zot:5    | Lost mutation: You have a somewhat thin skeletal structure.
                  | (Dex +2, Stealth+) [potion of mutation]
114224 | Zot:5    | Lost mutation: You are weak. (Str -2) [potion of mutation]
114224 | Zot:5    | Lost mutation: You occasionally lose the ability to read
                  | scrolls when taking damage. [potion of mutation]
114224 | Zot:5    | Gained mutation: You have hidden genetic defects. [potion
                  | of mutation]
114224 | Zot:5    | Gained mutation: You occasionally lose the ability to read
                  | scrolls when taking damage. [potion of mutation]
114224 | Zot:5    | Gained mutation: Your body sometimes deteriorates upon
                  | taking damage. [potion of mutation]
114224 | Zot:5    | Gained mutation: You possess an exceptional clarity of
                  | mind. [potion of mutation]
114240 | Zot:5    | Lost mutation: Your body sometimes deteriorates upon taking
                  | damage. [potion of mutation]
114240 | Zot:5    | Lost mutation: You occasionally lose the ability to read
                  | scrolls when taking damage. [potion of mutation]
114240 | Zot:5    | Gained mutation: Your mind is acute. (Int +4, Str/Dex -1)
                  | [potion of mutation]
114240 | Zot:5    | Gained mutation: You occasionally shout uncontrollably at
                  | your foes. [potion of mutation]
114241 | Zot:5    | Lost mutation: You possess an exceptional clarity of mind.
                  | [potion of mutation]
114241 | Zot:5    | Lost mutation: You occasionally shout uncontrollably at
                  | your foes. [potion of mutation]
114791 | Zot:5    | Noticed an ancient lich
114796 | Zot:5    | Killed an ancient lich
115980 | Hell     | Entered the Vestibule of Hell
115980 | Hell     | Noticed Geryon
115987 | Hell     | Killed Geryon
116009 | Depths:1 | Gained mutation: You have terrible hidden genetic defects.
                  | [hidden defects]
116295 | Hell     | Found a gateway to the decaying netherworld of Tartarus.
116388 | Hell     | Found a gateway to the freezing wastes of Cocytus.
116494 | Hell     | Found a gateway to the Iron City of Dis.
116567 | Hell     | Found a gateway to the ashen valley of Gehenna.
116652 | Depths:1 | Voluntarily entered the Abyss.
116811 | Abyss:4  | Noticed a dread lich
116974 | Depths:1 | Escaped the Abyss
117103 | Depths:1 | Lost mutation: Your mind is acute. (Int +4, Str/Dex -1)
                  | [potion of mutation]
117103 | Depths:1 | Lost mutation: You have terrible hidden genetic defects.
                  | [potion of mutation]
117103 | Depths:1 | Lost mutation: You have hidden genetic defects. [potion of
                  | mutation]
117103 | Depths:1 | Gained mutation: You are agile. (Dex +4, Str/Int -1)
                  | [potion of mutation]
117103 | Depths:1 | Gained mutation: Your flesh is heat resistant. (rF+)
                  | [potion of mutation]
117103 | Depths:1 | Gained mutation: You are covered in fur. (AC +1) [potion of
                  | mutation]
117231 | Depths:2 | Learned a level 1 spell: Apportation
117268 | Pan      | Entered Pandemonium
117268 | Pan      | Found an exit through the horrors of the Abyss.
119201 | Pan      | Noticed Tan Are the pandemonium lord
120577 | Pan      | Noticed Utim the pandemonium lord
120580 | Pan      | Killed Utim the pandemonium lord
121025 | Pan      | Reached skill level 15 in Shapeshifting
121414 | Pan      | Got a demonic rune of Zot
121747 | Pan      | Upgraded the game from 0.32-a0-540-g866d13106e to
                  | 0.32-a0-558-g233958a4c4
123080 | Pan      | Gained mutation: You are frail. (-10% HP) [a neqoxec]
123089 | Pan      | Lost mutation: You are agile. (Dex +4, Str/Int -1) [potion
                  | of mutation]
123089 | Pan      | Lost mutation: You are frail. (-10% HP) [potion of
                  | mutation]
123089 | Pan      | Lost mutation: Your flesh is heat resistant. (rF+) [potion
                  | of mutation]
123089 | Pan      | Gained mutation: You are clumsy. (Dex -2) [potion of
                  | mutation]
123089 | Pan      | Gained mutation: Your natural rate of healing is unusually
                  | fast. [potion of mutation]
123674 | Pan      | Noticed Noveelib the pandemonium lord
123677 | Pan      | Killed Noveelib the pandemonium lord
125140 | Pan      | Gained mutation: You occasionally lose the ability to read
                  | scrolls when taking damage. [a cacodemon]
125151 | Pan      | Lost mutation: Your natural rate of healing is unusually
                  | fast. [potion of mutation]
125151 | Pan      | Lost mutation: You are clumsy. (Dex -2) [potion of
                  | mutation]
125151 | Pan      | Gained mutation: You occasionally shout uncontrollably at
                  | your foes. [potion of mutation]
125151 | Pan      | Gained mutation: You are dopey. (Int -2) [potion of
                  | mutation]
125151 | Pan      | Gained mutation: You sometimes lose the ability to read
                  | scrolls when taking damage. [potion of mutation]
125151 | Pan      | Gained mutation: You have hidden genetic potential. [potion
                  | of mutation]
125152 | Pan      | Lost mutation: You sometimes lose the ability to read
                  | scrolls when taking damage. [potion of mutation]
125152 | Pan      | Lost mutation: You have hidden genetic potential. [potion
                  | of mutation]
125152 | Pan      | Lost mutation: You occasionally shout uncontrollably at
                  | your foes. [potion of mutation]
125152 | Pan      | Gained mutation: You possess an exceptional clarity of
                  | mind. [potion of mutation]
125152 | Pan      | Gained mutation: Your muscles are strong. (Str +4, Int/Dex
                  | -1) [potion of mutation]
125153 | Pan      | Lost mutation: You are covered in fur. (AC +1) [potion of
                  | mutation]
125153 | Pan      | Lost mutation: You are dopey. (Int -2) [potion of mutation]
125153 | Pan      | Lost mutation: You possess an exceptional clarity of mind.
                  | [potion of mutation]
125153 | Pan      | Gained mutation: Your large and strong wings let you fly.
                  | [potion of mutation]
125153 | Pan      | Gained mutation: You have a pair of small horns on your
                  | head. [potion of mutation]
125154 | Pan      | Lost mutation: You have a pair of small horns on your head.
                  | [potion of mutation]
125154 | Pan      | Lost mutation: Your muscles are strong. (Str +4, Int/Dex
                  | -1) [potion of mutation]
125154 | Pan      | Lost mutation: You occasionally lose the ability to read
                  | scrolls when taking damage. [potion of mutation]
125154 | Pan      | Gained mutation: Potions are less effective at restoring
                  | your health. [potion of mutation]
125154 | Pan      | Gained mutation: Your spells are a little easier to cast,
                  | but a little less powerful. [potion of mutation]
125155 | Pan      | Lost mutation: Your spells are a little easier to cast, but
                  | a little less powerful. [potion of mutation]
125155 | Pan      | Lost mutation: Your large and strong wings let you fly.
                  | [potion of mutation]
125155 | Pan      | Gained mutation: You are vulnerable to heat. (rF-) [potion
                  | of mutation]
125155 | Pan      | Gained mutation: You have sharp toenails. [potion of
                  | mutation]
125156 | Pan      | Lost mutation: You are vulnerable to heat. (rF-) [potion of
                  | mutation]
125156 | Pan      | Lost mutation: You have sharp toenails. [potion of
                  | mutation]
125156 | Pan      | Gained mutation: You are somewhat resistant to further
                  | mutation. [potion of mutation]
125198 | Pan      | Identified the +0 leather armour "Pofug" {rPois rC++ rCorr
                  | Int+2}
125471 | Pan      | Gained mutation: Your spells are a little easier to cast,
                  | but a little less powerful. [a neqoxec]
125609 | Pan      | Lost mutation: Your spells are a little easier to cast, but
                  | a little less powerful. [potion of mutation]
125609 | Pan      | Lost mutation: You are somewhat resistant to further
                  | mutation. [potion of mutation]
125609 | Pan      | Lost mutation: Potions are less effective at restoring your
                  | health. [potion of mutation]
125609 | Pan      | Gained mutation: Your large and strong wings let you fly.
                  | [potion of mutation]
125609 | Pan      | Gained mutation: You have a pair of small horns on your
                  | head. [potion of mutation]
125691 | Pan      | Noticed Osyedd the pandemonium lord
125701 | Pan      | Killed Osyedd the pandemonium lord
126479 | Pan      | Identified the maw talisman of the Komodo Dragon {+Blink
                  | Str+7 Int-5}
127235 | Depths:2 | Escaped Pandemonium
127237 | Pan      | Entered Pandemonium
128180 | Pan      | Noticed Wih Fina the pandemonium lord
128185 | Pan      | Killed Wih Fina the pandemonium lord
128205 | Pan      | Gained mutation: You passively map a small area around you.
                  | [a cacodemon]
128207 | Pan      | Gained mutation: You occasionally shout uncontrollably at
                  | your foes. [a cacodemon]
128213 | Pan      | Gained mutation: Your body sometimes deteriorates upon
                  | taking damage. [a cacodemon]
129157 | Pan      | Lost mutation: Your large and strong wings let you fly.
                  | [potion of mutation]
129157 | Pan      | Lost mutation: You have a pair of small horns on your head.
                  | [potion of mutation]
129157 | Pan      | Gained mutation: You are resistant to electric shocks.
                  | (rElec) [potion of mutation]
129157 | Pan      | Gained mutation: Your magical capacity is low. (-10% MP)
                  | [potion of mutation]
129157 | Pan      | Gained mutation: Your flesh is cold resistant. (rC+)
                  | [potion of mutation]
129158 | Pan      | Lost mutation: You passively map a small area around you.
                  | [potion of mutation]
129158 | Pan      | Lost mutation: You are resistant to electric shocks.
                  | (rElec) [potion of mutation]
129158 | Pan      | Lost mutation: Your magical capacity is low. (-10% MP)
                  | [potion of mutation]
129158 | Pan      | Gained mutation: You are agile. (Dex +4, Str/Int -1)
                  | [potion of mutation]
129158 | Pan      | Gained mutation: You are strong-willed. (Will+) [potion of
                  | mutation]
129705 | Pan      | Noticed Okakh the pandemonium lord
130018 | Pan      | Killed Okakh the pandemonium lord
131445 | Pan      | Reached skill level 27 in Fighting
132692 | Pan      | Identified the +4 robe "Ciarucex" {rF+}
132734 | Pan      | Noticed Enillam the pandemonium lord
132738 | Pan      | Killed Enillam the pandemonium lord
133183 | Pan      | Upgraded the game from 0.32-a0-558-g233958a4c4 to
                  | 0.32-a0-560-g4c7f4391e0
133371 | Pan      | Gained mutation: You have a pair of small horns on your
                  | head. [a cacodemon]
134301 | Pan      | Entered the realm of Gloorx Vloq.
137251 | Pan      | Noticed Gloorx Vloq
137439 | Pan      | Killed Gloorx Vloq
137642 | Pan      | Got a dark rune of Zot
137914 | Pan      | Found an exit through the horrors of the Abyss.
138075 | Pan      | Identified the +1 hand axe of Dust {speed, rElec rC+}
140032 | Pan      | Noticed Xabit the pandemonium lord
140035 | Pan      | Killed Xabit the pandemonium lord
140160 | Pan      | Noticed Ignacio
140568 | Pan      | Entered the realm of Mnoleg.
140588 | Pan      | Lost mutation: You are agile. (Dex +4, Str/Int -1) [a
                  | cacodemon]
141473 | Pan      | Gained mutation: You have supernaturally acute eyesight.
                  | (SInv) [a cacodemon]
141979 | Pan      | Noticed Mnoleg
144083 | Pan      | Killed Mnoleg
144218 | Pan      | Gained mutation: You are frail. (-10% HP) [a neqoxec]
144460 | Pan      | Reached skill level 1 in Necromancy
145112 | Pan      | Got a glowing rune of Zot
145155 | Pan      | Entered the realm of Cerebov.
145162 | Pan      | Identified the +9 trident of Cumoac {venom, rN+ Str+2}
145175 | Pan      | Found the +6 sword of Cerebov {flame}
145175 | Pan      | Noticed Cerebov
145195 | Pan      | Found an exit through the horrors of the Abyss.
145518 | Pan      | Identified the amulet of Jorchon {Reflect ^Contam rF+ rCorr
                  | SH+5}
145761 | Pan      | Identified the ring of the Rhinotaur {Str+6 Int+5}
146484 | Pan      | Reached skill level 5 in Necromancy
147064 | Pan      | Identified the ring "Terhoa" {Wiz rC+ Str+3}
147463 | Pan      | Killed Cerebov
147478 | Pan      | Got a fiery rune of Zot
147499 | Pan      | Identified the +2 mace of the Equator {heavy, rElec Dex+4}
147670 | Depths:2 | Escaped Pandemonium
148099 | Snake:4  | Bought a scroll of poison for 52 gold pieces
148099 | Snake:4  | Bought a scroll of noise for 13 gold pieces
148363 | Vaults:1 | Bought a potion of lignification for 42 gold pieces
148363 | Vaults:1 | Bought 2 potions of haste for 280 gold pieces
148363 | Vaults:1 | Bought a potion of might for 56 gold pieces
148363 | Vaults:1 | Bought a potion of haste for 140 gold pieces
148363 | Vaults:1 | Bought a potion of attraction for 42 gold pieces
148594 | Orc:2    | Bought a scroll of immolation for 116 gold pieces
148594 | Orc:2    | Bought a scroll of butterflies for 116 gold pieces
148868 | Depths:1 | Bought a scroll of poison for 56 gold pieces
148868 | Depths:1 | Bought 2 curare-tipped darts for 33 gold pieces
148868 | Depths:1 | Bought a scroll of poison for 56 gold pieces
148868 | Depths:1 | Bought 3 curare-tipped darts for 50 gold pieces
149491 | Pan      | Entered the realm of Lom Lobon.
149491 | Pan      | Entered Pandemonium
149995 | Pan      | Upgraded the game from 0.32-a0-560-g4c7f4391e0 to
                  | 0.32-a0-571-gec57dfcd37
150095 | Pan      | Reached skill level 1 in Throwing
151338 | Pan      | Reached skill level 5 in Dodging
151341 | Pan      | Noticed Lom Lobon
151352 | Pan      | Killed Lom Lobon
151501 | Pan      | Got a magical rune of Zot
151791 | Pan      | Reached skill level 5 in Throwing
151839 | Pan      | Noticed Ignacio
151844 | Pan      | Killed Ignacio
152307 | Pan      | Found an exit through the horrors of the Abyss.
152852 | Pan      | Noticed Esabanyrgh the pandemonium lord
152856 | Pan      | Killed Esabanyrgh the pandemonium lord
153275 | Pan      | Noticed Cimatul the pandemonium lord
153279 | Pan      | Killed Cimatul the pandemonium lord
153617 | Pan      | Found an exit through the horrors of the Abyss.
154944 | Pan      | Reached skill level 10 in Necromancy
155412 | Pan      | Noticed Buahugak the pandemonium lord
155414 | Pan      | Killed Buahugak the pandemonium lord
155702 | Pan      | Reached skill level 10 in Dodging
156262 | Pan      | Noticed Yxzugoal the pandemonium lord
156268 | Pan      | Killed Yxzugoal the pandemonium lord
156269 | Pan      | Reached skill level 10 in Throwing
157513 | Pan      | Found an exit through the horrors of the Abyss.
158145 | Pan      | Noticed Betzecic the pandemonium lord
158148 | Pan      | Killed Betzecic the pandemonium lord
158383 | Depths:2 | Escaped Pandemonium
158641 | Elf:1    | You paid a toll of a +7 demon blade to enter a treasure
                  | trove
158642 | Trove    | Entered a treasure trove
158650 | Trove    | Identified the +1 cloak "Ehuxkuss" {-Tele Fly Regen+ Int+4}
158662 | Trove    | Identified the +1 pair of gloves "Tanguhun" {rC- rN++ MP+9}
158696 | Trove    | Identified the +2 hat of the Twelve Teeth {Dex+3}
158726 | Trove    | Identified the +1 buckler of Shadows and Fog {Str+4 Slay+5
                  | Stlth-}
158728 | Trove    | Identified the +3 kite shield of Verdant Brilliance
                  | {Rampage Will- Str-4 Int+7}
159459 | Slime:5  | Identified the +3 orcbow of Dullness {speed, rF+ rN+}
159460 | Slime:5  | Identified the +3 great sword of the Forsaken Knives
                  | {flame, rF+ rCorr Str+3}
159461 | Slime:5  | Identified the +0 robe of Fyimu {Regen+}
160201 | Depths:2 | Voluntarily entered the Abyss.
160235 | Abyss:4  | Got an abyssal rune of Zot
160277 | Depths:2 | Escaped the Abyss
160453 | Coc:1    | Entered Level 1 of Cocytus
160663 | Coc:2    | Paralysed by a wendigo for 1 turns
160813 | Coc:3    | Noticed a dread lich
160814 | Coc:3    | Killed a dread lich
161811 | Coc:6    | Noticed an ancient lich
161814 | Coc:6    | Killed an ancient lich
162135 | Coc:7    | Entered Level 7 of Cocytus
162267 | Coc:7    | Noticed the Serpent of Hell
162275 | Coc:7    | Killed the Serpent of Hell
162380 | Coc:7    | Paralysed by a wendigo for 1 turns
162396 | Coc:7    | Reached skill level 15 in Dodging
162459 | Coc:7    | Noticed a dread lich
162459 | Coc:7    | Paralysed by a wendigo for 1 turns
162461 | Coc:7    | Killed a dread lich
162492 | Coc:7    | Reached skill level 15 in Throwing
162998 | Coc:7    | Identified the +0 scimitar of the Skies Above {holy, +Blink
                  | rF+}
163151 | Coc:7    | Identified the +0 halberd "Laarafapt" {antimagic, Int+3
                  | SInv}
163151 | Coc:7    | Noticed Antaeus
163186 | Coc:7    | Killed Antaeus
163287 | Coc:7    | Identified the granite talisman of the Pure Planets {rF+
                  | Str+3 Int+5 Stlth+}
163294 | Coc:7    | Got an icy rune of Zot
164544 | D:7      | Found an iron altar of Okawaru.
164980 | Tomb:1   | Entered Level 1 of the Tomb of the Ancients
165582 | Tomb:1   | Noticed a royal mummy
165588 | Tomb:1   | Killed a royal mummy
165589 | Tomb:1   | Reached skill level 1 in Evocations
165719 | Tomb:1   | Noticed a royal mummy
165726 | Tomb:1   | Killed a royal mummy
166107 | Tomb:1   | Noticed a royal mummy
166107 | Tomb:1   | Noticed a royal mummy
166107 | Tomb:1   | Noticed a royal mummy
166110 | Tomb:1   | Killed a royal mummy
166110 | Tomb:1   | Killed a royal mummy
166111 | Tomb:1   | Killed a royal mummy
166120 | Tomb:1   | Noticed a royal mummy
166120 | Tomb:1   | Noticed a royal mummy
166123 | Tomb:1   | Killed a royal mummy
166123 | Tomb:1   | Killed a royal mummy
166149 | Tomb:1   | Noticed a royal mummy
166157 | Tomb:1   | Killed a royal mummy
166278 | Tomb:1   | Noticed a royal mummy
166281 | Tomb:1   | Killed a royal mummy
166355 | Tomb:1   | Noticed a royal mummy
166357 | Tomb:1   | Killed a royal mummy
166358 | Tomb:1   | Reached skill level 5 in Evocations
166420 | Tomb:1   | Noticed a royal mummy
166425 | Tomb:1   | Killed a royal mummy
166474 | Tomb:1   | Noticed a royal mummy
166478 | Tomb:1   | Killed a royal mummy
166526 | Tomb:1   | Noticed a royal mummy
166529 | Tomb:1   | Killed a royal mummy
166576 | Tomb:1   | Noticed a royal mummy
166576 | Tomb:1   | Noticed a royal mummy
166579 | Tomb:1   | Killed a royal mummy
166579 | Tomb:1   | Killed a royal mummy
166586 | Tomb:1   | Noticed a royal mummy
166589 | Tomb:1   | Killed a royal mummy
166940 | Crypt:3  | Lost mutation: You occasionally shout uncontrollably at
                  | your foes. [potion of mutation]
166940 | Crypt:3  | Lost mutation: You have a pair of small horns on your head.
                  | [potion of mutation]
166940 | Crypt:3  | Gained mutation: You are dopey. (Int -2) [potion of
                  | mutation]
166940 | Crypt:3  | Gained mutation: Your flesh is heat resistant. (rF+)
                  | [potion of mutation]
166940 | Crypt:3  | Gained mutation: You are highly strong-willed. (Will++)
                  | [potion of mutation]
166941 | Crypt:3  | Lost mutation: You are dopey. (Int -2) [potion of mutation]
166941 | Crypt:3  | Lost mutation: Your body sometimes deteriorates upon taking
                  | damage. [potion of mutation]
166941 | Crypt:3  | Lost mutation: Your flesh is heat resistant. (rF+) [potion
                  | of mutation]
166941 | Crypt:3  | Gained mutation: Your muscles are strong. (Str +4, Int/Dex
                  | -1) [potion of mutation]
167051 | Tomb:2   | Noticed a royal mummy
167051 | Tomb:2   | Noticed a royal mummy
167063 | Tomb:2   | Identified the +4 robe of the Unseen Realm {+Inv rElec MP-9
                  | Str+2}
167063 | Tomb:2   | Noticed Boris
167066 | Tomb:2   | Killed Boris
167166 | Tomb:3   | Entered Level 3 of the Tomb of the Ancients
167185 | Tomb:3   | Noticed a royal mummy
167186 | Tomb:3   | Noticed a royal mummy
167186 | Tomb:3   | Noticed a royal mummy
167189 | Tomb:3   | Killed a royal mummy
167189 | Tomb:3   | Killed a royal mummy
167190 | Tomb:3   | Killed a royal mummy
167216 | Tomb:3   | Noticed a royal mummy
167219 | Tomb:3   | Killed a royal mummy
167223 | Tomb:3   | Noticed a royal mummy
167225 | Tomb:3   | Noticed a royal mummy
167226 | Tomb:3   | Killed a royal mummy
167227 | Tomb:3   | Noticed a royal mummy
167232 | Tomb:3   | Noticed a royal mummy
167232 | Tomb:3   | Found the amulet of Vitality {Regen++ RegenMP++}
167232 | Tomb:3   | Found the +2 hat of the Bear Spirit {Spirit, Bear, *Rage
                  | Will++}
167297 | Tomb:3   | Noticed a royal mummy
167300 | Tomb:3   | Killed a royal mummy
167337 | Tomb:3   | Killed a royal mummy
167351 | Tomb:3   | Killed a royal mummy
167351 | Tomb:3   | Killed a royal mummy
167543 | Tomb:3   | Got a golden rune of Zot
167553 | Tomb:3   | Got Ceonn's Cyclopedia of Red-Hot Air
167775 | Tomb:3   | Identified the +7 rapier "Naezi" {elec, rN+}
167805 | Tomb:3   | Identified the +7 short sword of Bodily Humours {drain,
                  | rPois Str+3}
167809 | Tomb:3   | Identified the +5 spear of Indomitability {flame, rN++}
167811 | Tomb:3   | Identified the ring of Vedwiukk {rC+ rCorr}
167812 | Tomb:3   | Identified the staff of the Ring {rN+ Will- Int+4 Necro
                  | Tloc Ice}
167817 | Tomb:3   | Identified the ring of Doubts {rC+ rN++ Str-3}
167818 | Tomb:3   | Identified the +4 war axe of the Sun {flame, +Blink}
168355 | Zig:1    | Entered Level 1 of a ziggurat
168421 | Zig:2    | Entered Level 2 of a ziggurat
168443 | Zig:3    | Entered Level 3 of a ziggurat
168476 | Zig:4    | Entered Level 4 of a ziggurat
168497 | Zig:4    | Identified the +6 mace "Riatel" {elec, Int+3}
168507 | Zig:5    | Entered Level 5 of a ziggurat
168536 | Zig:6    | Entered Level 6 of a ziggurat
168556 | Zig:6    | Identified the +0 broad axe "Bioxesea" {flame, *Corrode
                  | Dex+6 Stlth+}
168569 | Zig:7    | Entered Level 7 of a ziggurat
168607 | Zig:8    | Entered Level 8 of a ziggurat
168612 | Zig:8    | Found the +1 eveningstar "Brilliance" {foul flame, Umbra}
168614 | Zig:8    | Noticed a royal mummy
168617 | Zig:8    | Killed a royal mummy
168638 | Zig:8    | Identified the +0 pair of gloves of Vukonkos {rC+ Will+
                  | Str+3}
168643 | Zig:8    | Identified the +1 bardiche "Xifas" {vamp, rC++}
168644 | Zig:8    | Identified the ring of the Hippo {Fly rN+ Will+}
168647 | Zig:9    | Entered Level 9 of a ziggurat
168655 | Zig:9    | Reached skill level 10 in Evocations
168659 | Zig:9    | Found the +8 Wrath of Trog {antimagic, *Rage Rampage}
168660 | Zig:9    | Found the +3 hat of Pondering {ponderous, Will+ MP+10
                  | Int+5}
168715 | Zig:10   | Entered Level 10 of a ziggurat
168723 | Zig:10   | Noticed an ancient lich
168726 | Zig:10   | Killed an ancient lich
168737 | Zig:10   | Identified the +3 great sword of Veobrat {pain, rElec rPois
                  | Stlth+}
168741 | Zig:10   | Identified the +4 morningstar "Umigocio" {vamp, ^Drain
                  | rPois Will++ Str+3 Int+3}
168746 | Zig:10   | Identified the staff of Plague {MP+9 Int+3 Earth}
168758 | Zig:11   | Entered Level 11 of a ziggurat
168819 | Zig:11   | Identified the ring "Wownua" {MP+9 EV+5 Str+8}
168820 | Zig:11   | Identified the staff "Duguschuc" {rElec rN+ Dex+7 Stlth-
                  | Necro}
168821 | Zig:11   | Identified the +9 broad axe "Leanoag" {chaos, *Noise rN+
                  | Int+5}
168874 | Zig:12   | Entered Level 12 of a ziggurat
168903 | Zig:12   | Identified the ring of Ewe Hoda {rN+ Str+6 Int+3}
168910 | Zig:12   | Identified the +6 glaive "Jos Fuok" {freeze, rPois rF- rN+
                  | rCorr}
168914 | Zig:13   | Entered Level 13 of a ziggurat
168921 | Zig:13   | Noticed Divat the pandemonium lord
168925 | Zig:13   | Killed Divat the pandemonium lord
168973 | Zig:13   | Identified the +6 great sword "Xaluipsy" {flame, rF+}
168983 | Zig:14   | Entered Level 14 of a ziggurat
168994 | Zig:14   | Found the +8 longbow "Zephyr" {speed, Dex+3 SInv}
168996 | Zig:14   | Reached skill level 27 in Spellcasting
168998 | Zig:14   | Identified a scroll of acquirement
169011 | Zig:14   | Identified the +6 orcbow of Bowk {heavy, ^Fragile rPois rF+
                  | Stlth+}
169025 | Zig:14   | Acquired 640 gold pieces
169036 | Zig:14   | Identified the ring of the Dragon {rCorr Stlth+}
169041 | Zig:14   | Identified the +6 great sword of Dissolution {freeze, rPois
                  | rCorr Int-5 SInv}
169045 | Zig:15   | Entered Level 15 of a ziggurat
169098 | Zig:15   | Got Nuostuol's Compendium of Tempestuous Formulae
169101 | Zig:15   | Identified the +1 quarterstaff of Conflict {pain, +Blink
                  | rElec rF- rCorr}
169124 | Zig:16   | Entered Level 16 of a ziggurat
169185 | Zig:16   | Identified the staff of the Key {rF+ Int+2 Conj}
169189 | Zig:16   | Identified the ring "Kaomoz" {Ice rElec Will+}
169205 | Zig:17   | Entered Level 17 of a ziggurat
169216 | Zig:17   | Noticed a dread lich
169219 | Zig:17   | Killed a dread lich
169264 | Zig:17   | Identified the +9 dire flail of the Two Names {elec, rC+
                  | Dex+4}
169317 | Zig:17   | Reached skill level 5 in Ice Magic
169317 | Zig:17   | Reached skill level 15 in Evocations
169327 | Zig:18   | Entered Level 18 of a ziggurat
169363 | Zig:18   | Identified the +6 orcbow of Satritto {heavy, rCorr Int-2
                  | Dex+6 Stlth-}
169375 | Zig:18   | Identified the +1 orcbow of the Ageing Viper {speed, Int+3
                  | Stlth+}
169380 | Zig:18   | Identified the +1 hand axe of Karma {flame, rPois Str+3}
169414 | Zig:19   | Entered Level 19 of a ziggurat
169426 | Zig:19   | Reached skill level 10 in Ice Magic
169464 | Zig:19   | Found the ring of the Tortoise {AC+8}
169492 | Zig:19   | Identified the ring "Qapyosoh" {rElec MP+9 Int+4}
169510 | Zig:20   | Entered Level 20 of a ziggurat
169525 | Zig:20   | Noticed an ancient lich
169528 | Zig:20   | Killed an ancient lich
169555 | Zig:20   | Found the +10 Black Knight's barding {ponderous, rPois rN+}
169583 | Zig:20   | Identified the staff "Grim" {+Blink rElec rF+ Str+2 Air}
169628 | Zig:20   | Learned a level 9 spell: Polar Vortex
169639 | Zig:21   | Entered Level 21 of a ziggurat
169681 | Zig:21   | Identified the +6 spear of Bread {protect, rF+ rN+ Will-
                  | Dex+2}
169691 | Zig:21   | Identified the ring of Qaewe {rF+ Will+ Dex+6}
169699 | Zig:21   | Identified the +5 rapier of Tumult {pain, Str+5 Int+4}
169706 | Zig:21   | Identified the +0 leather armour of Midwinter {Int+2 SInv
                  | Stlth+}
169760 | Zig:21   | Reached skill level 15 in Ice Magic
169766 | Zig:22   | Entered Level 22 of a ziggurat
169787 | Zig:22   | Noticed an ancient lich
169789 | Zig:22   | Killed an ancient lich
169880 | Zig:22   | Found the dreamshard necklace {Acrobat *Dream}
169880 | Zig:22   | Found the +8 trishula "Condemnation" {holy, anguish, *Noise
                  | Fly rN+}
169897 | Zig:22   | Identified the +5 arbalest of the Curious Deaths {heavy,
                  | rN++ Will- Str+2 Int+2}
169898 | Zig:22   | Identified the +4 spear of Law {venom, rC- Will+ rCorr}
169899 | Zig:22   | Identified the ring "Hero's Friend" {rF+ rC+}
169901 | Zig:22   | Identified the amulet of Ymosefu {Will+ Regen+ Dex+3}
169907 | Zig:22   | Identified the staff "Kic Joiw" {rCorr Conj Tloc}
169915 | Zig:22   | Identified the +5 glaive of the Gloaming {heavy, rElec rF+}
169983 | Hell     | Lost mutation: Your muscles are strong. (Str +4, Int/Dex
                  | -1) [potion of mutation]
169983 | Hell     | Lost mutation: Your flesh is cold resistant. (rC+) [potion
                  | of mutation]
169983 | Hell     | Gained mutation: You occasionally shout uncontrollably at
                  | your foes. [potion of mutation]
169983 | Hell     | Gained mutation: You are weak. (Str -2) [potion of
                  | mutation]
169984 | Hell     | Lost mutation: You are frail. (-10% HP) [potion of
                  | mutation]
169984 | Hell     | Lost mutation: You have supernaturally acute eyesight.
                  | (SInv) [potion of mutation]
169984 | Hell     | Lost mutation: You are weak. (Str -2) [potion of mutation]
169984 | Hell     | Gained mutation: You are agile. (Dex +4, Str/Int -1)
                  | [potion of mutation]
169985 | Hell     | Lost mutation: You are agile. (Dex +4, Str/Int -1) [potion
                  | of mutation]
169985 | Hell     | Lost mutation: You occasionally shout uncontrollably at
                  | your foes. [potion of mutation]
169985 | Hell     | Gained mutation: You passively map a small area around you.
                  | [potion of mutation]
169985 | Hell     | Gained mutation: You have a pair of small antennae on your
                  | head. [potion of mutation]
169985 | Hell     | Gained mutation: You have large cloven feet. [potion of
                  | mutation]
170021 | Geh:1    | Entered Level 1 of Gehenna
170558 | Geh:3    | You are sucked into a shaft and drop 2 floors!
171111 | Geh:7    | Entered Level 7 of Gehenna
172031 | Geh:7    | Found the +13 sceptre of Asmodeus
172031 | Geh:7    | Noticed Asmodeus
172039 | Geh:7    | Killed Asmodeus
172108 | Geh:7    | Got an obsidian rune of Zot
172109 | Geh:7    | Identified the +11 whip of the Equinox {protect, rElec
                  | rPois rF-}
172168 | Geh:7    | Identified the staff of Dim Light {rF+ rN+ Necro Fire
                  | Alchemy}
172171 | Geh:7    | Identified the staff of the King {rElec MP+9 Int+6 Air}
172259 | Tar:1    | Entered Level 1 of Tartarus
172261 | Tar:1    | You fall into a shaft and drop 1 floor!
173509 | Tar:3    | Noticed an ancient lich
173512 | Tar:3    | Killed an ancient lich
173660 | Tar:4    | Noticed an ancient lich
173663 | Tar:4    | Killed an ancient lich
174173 | Tar:7    | Entered Level 7 of Tartarus
174759 | Tar:7    | Identified the +4 trident of Gaeffito {protect, Will+
                  | rCorr}
174797 | Tar:7    | Got a bone rune of Zot
174807 | Tar:7    | Noticed an ancient lich
174810 | Tar:7    | Killed an ancient lich
174825 | Tar:7    | Noticed Ereshkigal
174873 | Dis:1    | Entered Level 1 of the Iron City of Dis
174948 | Dis:1    | You fall into a shaft and drop 1 floor!
175533 | Dis:7    | Entered Level 7 of the Iron City of Dis
176092 | Dis:7    | Noticed a juggernaut
176098 | Dis:7    | Killed a juggernaut
176152 | Dis:7    | Noticed a juggernaut
176157 | Dis:7    | Killed a juggernaut
176371 | Dis:7    | Identified the amulet "Plog" {RegenMP ^Drain RegenMP+ Str+5
                  | SInv}
176739 | Dis:7    | Identified the +1 mace of the Maze {spect, rC+ rN+}
176985 | Dis:7    | Noticed a juggernaut
176987 | Dis:7    | Killed a juggernaut
177494 | Dis:7    | Got an iron rune of Zot
177922 | Zot:5    | Noticed an ancient lich
177922 | Zot:5    | Noticed an ancient lich
177924 | Zot:5    | Killed an ancient lich
177924 | Zot:5    | Killed an ancient lich
178025 | Zot:5    | Noticed an orb of fire
178030 | Zot:5    | Killed an orb of fire
178030 | Zot:5    | Noticed an ancient lich
178031 | Zot:5    | Killed an ancient lich
178104 | Zot:5    | Reached skill level 27 in Dodging
178206 | Zot:5    | Noticed a dread lich
178209 | Zot:5    | Killed a dread lich
178264 | Zot:5    | Noticed an orb of fire
178268 | Zot:5    | Killed an orb of fire
178406 | Zot:5    | Got the Orb of Zot
178648 | Depths:1 | Identified the +2 robe of a sewer {rC+}
178648 | Depths:1 | Noticed Boris
178650 | Depths:1 | Killed Boris
178999 | D:3      | Noticed Meamp the pandemonium lord
179002 | D:3      | Killed Meamp the pandemonium lord
179069 | D:$      | Escaped with the Orb!

Illustrated notes

Levels and vault maps discovered:
D:1:      sevenhm_arrival_forest_fort_small_6, layout_loops_ring,
          kennysheep_minor_cross
D:2:      layout_loops_cross, grunt_ministairs_5
D:3:      layout_basic
D:4:      layout_basic, mainiacjoe_overflow_paths,
          nicolae_wu_jian_immortal_techniques, uniq_natasha
D:5:      layout_loops_ring, portal_sewer_entry_d, kennysheep_generic_room_13
D:6:      layout_rooms, mainiacjoe_overflow_concentric_impassable,
          minmay_temple_entry_sparse_star, uniq_crazy_yiuf_cottage,
          uniq_jeremiah
D:7:      layout_gridville, nicolae_overflow_hidden_temple,
          nicolae_ossuary_entry_false_entrances, guppyfry_early_elven_hall
D:8:      layout_loops_ring, uniq_erica, uniq_maggie
D:9:      layout_basic, david_lair_shrubbed, serial_shops, shop
D:10:     layout_big_octagon, grunt_nemelex_the_gamble,
          nicolae_hepliaklqana_hazy_memory, mainiacjoe_overflow_two_lobes,
          hiddenorc1_lemuel, nicolae_wooded_promenade, uniq_gastronok
D:11:     layout_layer_cave, grunt_ministairs_8, st_stairs_13,
          statue_in_the_mist_lemuel
D:12:     layout_long_grid, uniq_sonja
D:13:     layout_rooms, david_vaults_5, minmay_misc_feat_doors,
          amcnicky_mini_pool_small, nicolae_danse_macabre
D:14:     minmay_clustersquares, layout_basic, uniq_jorgrun
D:15:     gammafunk_enter_depths_forms, layout_long_grid, solitary_fountain,
          einodemon_crawler_minivault
Temple:   compressed_dpeg_circular_temple
Lair:1:   lemuel_ratsnest, layout_long_grid, nzn_masters_of_martial_movement,
          infiniplex_staircase_pool, grunt_megastairs_5
Lair:2:   regret_index_combs_of_tragedy, layout_hall_layers, dummy_snake_entry,
          portal_ice_cave_entry_ice_simulacra
Lair:3:   layout_regular_city, alex1729_swamp_entry_worm_eleionoma,
          grunt_megastairs_1, lemuel_fruit_fields
Lair:4:   hellmonk_destroyed_diamonds, layout_cave_pods, ebering_ghost_xom,
          nicolae_quartered_pool_super, minivault_26
Lair:5:   hellmonk_lair_end_abyssal_woods, layout_misc_corridors, slime_entry_1,
          infiniplex_staircase_pool_2, uniq_kirke
Swamp:1:  layout_falls_marsh, nicolae_swamp_small_spring, swamp_pool_3,
          uniq_roxanne, uniq_mlioglotl
Swamp:2:  layout_basic_swamp, lemuel_altar_in_water,
          nicolae_swamp_decorative_isthmus, uniq_donald
Swamp:3:  layout_basic_swamp, serial_swamp_ruin, evilmike_swamp_ruin_rubble_2,
          evilmike_swamp_ruin_house_1, evilmike_swamp_ruin_house_4
Swamp:4:  swamp_alternative, layout_basic_swamp
Snake:1:  layout_layer_cave, basic_altar, uniq_agnes
Snake:2:  layout_gridlike
Snake:3:  layout_grid_maze, drop_trap, nicolae_twisty_statue_hallways,
          minmay_shoptagon
Snake:4:  snake_pit, layout_grid_maze, drop_trap, minmay_shop_star,
          lemuel_fruit_tree
Slime:1:  layout_caves
Slime:2:  layout_caves
Slime:3:  layout_caves, cheibrodos_slime_lost_civilization_4, uniq_dissolution
Slime:4:  layout_caves
Slime:5:  slime_pit_nicolae_inversion
Orc:1:    layout_diamond_mine
Orc:2:    grunt_orc_tribal_feast, layout_caves, nicolae_orc_lava_room,
          uniq_rupert
Elf:1:    kennysheep_ambush_hall, layout_rooms, enter_trove_2,
          kennysheep_underground_church, fountainhead
Elf:2:    elven_hall_of_blades_hangedman_original
          [nicolae_vaults_blade_armed_guards], layout_loops_ring,
          grunt_megastairs_2
Elf:3:    grunt_elf_hall_diamonds, layout_loops_corners, serial_library,
          serial_library_hellmonk_long_bookcase,
          serial_library_hellmonk_double_dead_end,
          serial_library_regret_index_boxing, serial_library_hellmonk_u_bend,
          serial_library_hellmonk_small_corner, onia_ninara_cookie
Vaults:1: vaults_room_stairs_pillars, st_lines, v_misc_9,
          ontoclasm_vaults_tryst, v_misc_1, lemuel_angel_altar,
          nicolae_vaults_trapezoid_lopsided_3, v_misc_3, v_misc_9,
          vaults_mumra_hexcomb, nicolae_vaults_circle_grid_b,
          layout_vaults_omnicross, serial_shops, nicolae_shop_hallway_stairs
Vaults:2: v_pattern_3, nicolae_vaults_angled_halls,
          nicolae_vaults_tetromino_L_2, nicolae_vaults_weapon_check,
          lightli_orcish_oven, v_misc_15, vaults_dpeg_emergency_exit,
          nicolae_vaults_house_2, nicolae_vaults_crenellated_ambush,
          nicolae_vaults_double_plus_1, layout_vaults_chaotic_city, uniq_jory,
          uniq_norris
Vaults:3: vaults_room_semicircle, minmay_crypt_entry_simple_round, v_misc_13,
          ontoclasm_vaults_gateway, hangedman_vaults_stretched_pinwheel,
          vaults_standard_mumra_enter_the_diamond, v_misc_13, v_pattern_5,
          v_misc_30, v_misc_30, ontoclasm_vaults_fault, v_misc_3,
          hangedman_vaults_trim, nicolae_vaults_apartment_2,
          layout_vaults_omnibox
Vaults:4: nicolae_vaults_network_star, nicolae_vaults_angled_halls,
          vaults_room_boxed, nicolae_vaults_layer_cake_slice, v_misc_30,
          nicolae_vaults_library_corner, nicolae_vaults_alarming,
          nicolae_vaults_trapezoid_lopsided_1,
          nicolae_vaults_trapezoid_lopsided_1, layout_vaults_omnigrid
Vaults:5
Crypt:1:  layout_misc_corridors
Crypt:2:  layout_misc_corridors, st_stairs_11, grunt_megastairs_3
Crypt:3:  david_glass_crypt, layout_misc_corridors,
          nicolae_tomb_entry_unfolded_pyramid_diagonal, mu_enter_wizlab_4
Tomb:1
Tomb:2
Tomb:3
Depths:1: layout_twisted_cross, hangedman_abyss_entry_splay, hell_entry,
          guppyfry_shop_venom
Depths:2: minmay_the_grid_triangle_9x9_rhombus_full_mashed
          [minmay_the_grid_triangle_9x9_negative_grid,
          minmay_the_grid_triangle_9x9_dagger,
          minmay_the_grid_triangle_9x9_tough_junction,
          minmay_the_grid_triangle_9x9_warning,
          minmay_the_grid_triangle_9x9_swiss_cheese,
          minmay_the_grid_triangle_9x9_corruption,
          minmay_the_grid_triangle_9x9_corrupted_corridor,
          minmay_the_grid_triangle_9x9_prize_center], layout_gridlike,
          enter_ziggurat_a, hellmouth_1,
          nicolae_dithmenos_through_a_glass_darkly, abyss_entry, pan_entry,
          minmay_misc_feat_iff, minmay_staircase_statues
Depths:3: evilmike_silver_temple, layout_gridlike, minmay_misc_feat_x,
          hell_entry, abyss_entry, nicolae_custom_books, uniq_boris,
          uniq_xtahua, uniq_margery
Depths:4: evilmike_zot_entry_hall, layout_basic, hangedman_coc_ice_floe,
          minmay_room_of_horrors
Hell
Dis:1:    layout_jigsaw
Dis:2:    layout_subdivisions
Dis:3:    layout_regular_city, nicolae_dis_emergency_hatch
Dis:4:    layout_subdivisions, nicolae_dis_distal_crystal
Dis:5:    layout_gridville
Dis:6:    layout_overlapping_boxes, nicolae_dis_having_a_grate_time
Dis:7:    dis_grunt_layers
Geh:1:    layout_gehenna_lava_caves, nicolae_geh_lava_lounge
Geh:2:    layout_gehenna_lava_caves
Geh:3:    layout_gehenna_pools_basic
Geh:5:    layout_gehenna_pools_box
Geh:6:    layout_gehenna_lava_caves
Geh:7:    geh_old
Coc:1:    layout_ice_bergs
Coc:2:    layout_cocytus_water_paths
Coc:3:    layout_cocytus_delve, serial_ice, serial_ice_g, serial_ice_c
Coc:4:    layout_cocytus_water_paths
Coc:5:    layout_cocytus_water_paths
Coc:6:    layout_ice_bergs
Coc:7:    coc_hangedman
Tar:1:    layout_grid_maze
Tar:2:    layout_grid_maze
Tar:3:    layout_grid_maze, nicolae_tar_combstack
Tar:4:    layout_cathedral_of_symmetry, evilmike_ambush
          [evilmike_ambush_outer_basic, evilmike_ambush_inner_basic]
Tar:5:    layout_cathedral_of_symmetry
Tar:6:    layout_honeycomb
Tar:7:    tar_grunt_cathedral
Zot:1:    layout_cellular_growth, regret_index_zotdec_split_disrupt
Zot:2:    layout_twisted_circle, regret_index_zotdec_barnacled_simple
Zot:3:    cheibrodos_zot_enchanting_chambers, layout_gridlike
Zot:4:    layout_gridlike, regret_index_zotdec_wing_it, st_large_dragon_hoard_2
Zot:5:    layout_onion, hangedman_zot_gyre, grunt_ministairs_7, st_stairs_14

Skill      XL: |  1  2  3  4  5  6  7  8  9 10 11 12 13 14 15 16 17 18 19 20 21 22 23 24 25 26 27 |
---------------+----------------------------------------------------------------------------------+-----
Dodging        | 2 3 27 | 27.0
Fighting       | 1 2 3 4 5 6 7 9 11 12 13 14 15 16 17 18 19 20 21 22 23 24 27 | 27.0
Spellcasting   | 3 4 5 7 8 9 11 12 13 14 15 16 17 18 19 20 21 22 27 | 27.0
Conjurations   | 5 6 7 8 9 10 12 13 14 15 16 17 18 21 | 21.0
Earth Magic    | 2 4 6 7 8 9 12 14 16 18 19 22 | 22.0
Alchemy        | 2 4 6 8 |  8.0
Air Magic      | 4 7 9 10 11 12 13 14 15 22 | 22.0
Fire Magic     | 6 9 12 14 16 17 19 22 | 22.0
Shields        | 7 10 | 10.0
Shapeshifting  | 6 11 23 | 23.0
Necromancy     | 12 | 12.0
Throwing       | 19 | 19.5
Evocations     | 20 | 20.2
Ice Magic      | 22 | 22.0
Stealth        | |  1.7

Action                     |  1- 3 |  4- 6 |  7- 9 | 10-12 | 13-15 | 16-18 | 19-21 | 22-24 | 25-27 || total
---------------------------+-------+-------+-------+-------+-------+-------+-------+-------+-------++-------
  Melee: Short sword       |    17 |     1 |    83 |     6 |       |       |       |       |       ||   107
         Tailslap          |     2 |       |    19 |     4 |    18 |     5 |     2 |     2 |    44 ||    96
         Scimitar          |       |       |       |    33 |   127 |    20 |     6 |       |       ||   186
         Unarmed           |       |       |       |       |       |       |    11 |       |       ||    11
         Long sword        |       |       |       |       |       |       |       |     9 |       ||     9
         Morningstar       |       |       |       |       |       |       |       |       |    60 ||    60
         Great sword       |       |       |       |       |       |       |       |       |   130 ||   130
         Headbutt          |       |       |       |       |       |       |       |       |    25 ||    25
         Staff             |       |       |       |       |       |       |       |       |     3 ||     3
  Throw: Javelin           |       |       |       |       |       |       |       |       |     6 ||     6
         Dart              |       |       |       |       |       |       |       |       |     3 ||     3
   Cast: Magic Dart        |    89 |    83 |   139 |    32 |    11 |       |       |     2 |     1 ||   357
         Searing Ray       |     2 |     9 |    29 |     1 |       |       |       |       |       ||    41
         Stone Arrow       |       |       |    34 |   119 |    98 |     1 |     1 |     7 |       ||   260
         Fulminant Prism   |       |       |    19 |    46 |     1 |       |     1 |       |       ||    67
         Olgreb's Toxic Ra |       |       |     2 |    56 |    99 |       |       |       |       ||   157
         Ignite Poison     |       |       |       |    54 |   111 |       |       |       |       ||   165
         Plasma Beam       |       |       |       |       |   247 |   429 |   574 |   313 |    82 ||  1645
         Irradiate         |       |       |       |       |     8 |     5 |       |       |     4 ||    17
         Bombard           |       |       |       |       |    19 |   102 |    77 |     1 |     1 ||   200
         Ignition          |       |       |       |       |       |    41 |   122 |    42 |   203 ||   408
         Maxwell's Capacit |       |       |       |       |       |       |    19 |    14 |    43 ||    76
         Lehudib's Crystal |       |       |       |       |       |       |     9 |   184 |  2169 ||  2362
         Shatter           |       |       |       |       |       |       |       |   198 |   206 ||   404
         Fire Storm        |       |       |       |       |       |       |       |       |   557 ||   557
         Chain Lightning   |       |       |       |       |       |       |       |       |   636 ||   636
         Sublimation of Bl |       |       |       |       |       |       |       |       |     8 ||     8
         Apportation       |       |       |       |       |       |       |       |       |     3 ||     3
         Polar Vortex      |       |       |       |       |       |       |       |       |     2 ||     2
Ability: Noxious Breath    |       |       |     3 |     4 |    10 |     3 |     4 |     1 |     1 ||    26
         Begin Untransform |       |       |       |       |       |       |     1 |       |     2 ||     3
  Evoke: Wand              |       |     2 |    12 |     6 |    10 |     8 |       |     4 |    45 ||    87
         Condenser vane    |       |       |       |       |     1 |     1 |     1 |       |     4 ||     7
         Phantom mirror    |       |       |       |       |       |       |       |       |     5 ||     5
         Figurine of a zig |       |       |       |       |       |       |       |       |     1 ||     1
    Use: Scroll            |       |       |     4 |     4 |    12 |    18 |    14 |    10 |    56 ||   118
         Potion            |       |       |       |       |     2 |     8 |     4 |    14 |    49 ||    77
   Stab: Paralysed         |       |       |       |       |     5 |       |       |       |       ||     5
         Confused          |       |       |       |       |     1 |     1 |     2 |       |       ||     4
         Distracted        |       |       |       |       |       |       |       |       |     2 ||     2
 Armour: Skin              |    11 |    10 |   106 |   157 |   416 |   265 |   254 |   357 |  2257 ||  3833
  Dodge: Dodged            |    34 |    13 |   114 |   131 |   238 |   104 |   123 |   142 |  1609 ||  2508
         Repelled          |     4 |     1 |       |     2 |     4 |    12 |     1 |    58 |   198 ||   280
  Block: Other             |       |       |       |       |    89 |    43 |    21 |       |   219 ||   372
         Reflection        |       |       |       |       |     8 |    13 |     7 |       |    17 ||    45
         Buckler           |       |       |       |       |       |       |       |       |    42 ||    42
   Form: Dragon            |       |       |       |       |       |       |     1 |       |       ||     1
         Death             |       |       |       |       |       |       |       |       |    10 ||    10
                           |       |       |       |       |       |       |       |       |     9 ||     9
         Statue            |       |       |       |       |       |       |       |       |     3 ||     3

Table legend: (Time is in decaauts)
 A = Elapsed time spent in this place.
 B = Non-inter-level travel time spent in this place.
 C = Inter-level travel time spent in this place.
 D = Time resting spent in this place.
 E = Time spent auto-exploring this place.
 F = Levels seen in this place.
 G = Mean time per level.
                   A        B        C        D        E       F      G
               +--------+--------+--------+--------+--------+-----+--------+
         Total | 193188 | 169193 |  23995 |  59562 |  74841 | 147 | 1314.2 |
       Dungeon |  29099 |  21762 |   7337 |   5006 |  14004 |  15 | 1939.9 |
        Temple |     34 |     29 |      5 |      0 |     17 |   1 |   34.0 |
          Lair |  11785 |   9843 |   1942 |   2552 |   6021 |   5 | 2357.0 |
         Swamp |   5138 |   4678 |    460 |   1910 |   2202 |   4 | 1284.5 |
     Snake Pit |  10489 |   9667 |    822 |   2775 |   5701 |   4 | 2622.2 |
    Slime Pits |   6644 |   5844 |    800 |   3465 |   1666 |   5 | 1328.8 |
  Orcish Mines |   4410 |   3034 |   1376 |    829 |   1749 |   2 | 2205.0 |
   Elven Halls |   8835 |   8334 |    501 |   4385 |   2646 |   3 | 2945.0 |
        Vaults |  14921 |  12519 |   2402 |   4265 |   6795 |   5 | 2984.2 |
         Crypt |   7328 |   6310 |   1018 |   2678 |   2755 |   3 | 2442.7 |
          Tomb |   3349 |   2707 |    642 |    577 |   1312 |   3 | 1116.3 |
        Depths |  12912 |   9635 |   3277 |   4601 |   3394 |   4 | 3228.0 |
          Hell |   1187 |    954 |    233 |    186 |    601 |   1 | 1187.0 |
           Dis |   2836 |   1748 |   1088 |    657 |    327 |   7 |  405.1 |
       Gehenna |   2325 |   2133 |    192 |    189 |   1353 |   6 |  387.5 |
       Cocytus |   3172 |   2888 |    284 |   1015 |   1089 |   7 |  453.1 |
      Tartarus |   1664 |   1253 |    411 |    473 |    144 |   7 |  237.7 |
           Zot |  11244 |  10045 |   1199 |   4182 |   3943 |   5 | 2248.8 |
         Abyss |   1198 |   1198 |      0 |    708 |      0 |   5 |  239.6 |
   Pandemonium |  51053 |  51053 |      0 |  18611 |  17588 |  19 | 2687.0 |
      Ziggurat |   2496 |   2496 |      0 |    252 |   1102 |  33 |   75.6 |
         Trove |    145 |    145 |      0 |      0 |     22 |   1 |  145.0 |
         Sewer |    255 |    255 |      0 |      0 |    213 |   1 |  255.0 |
       Ossuary |    658 |    658 |      0 |    244 |    189 |   1 |  658.0 |
               +--------+--------+--------+--------+--------+-----+--------+

Top non-repeatable levels by time:
   Elf:3: 4102 daAuts
Depths:3: 3834 daAuts
Vaults:1: 3826 daAuts
Depths:1: 3806 daAuts
Vaults:4: 3654 daAuts
   Zot:3: 3620 daAuts
    D:15: 3462 daAuts
 Snake:3: 3354 daAuts
Vaults:3: 3112 daAuts
 Crypt:3: 2954 daAuts
    D:10: 2869 daAuts
 Snake:4: 2866 daAuts
   Elf:2: 2792 daAuts
     D:9: 2742 daAuts
   Zot:5: 2720 daAuts
